Workbook

Sheet Identity
C1: Entity | E1: Enter Yes/No or text in all colored cells: if not done, you will have an error message
S2: Prior
C4: HFM Code | D4: x | I4: Entity's Manager | J4: x | Q4: 2010 OG Sales - M€ | R4: x
C6: Name of the Entity | D6: x | I6: Entity's Finance Business Partner | J6: x | Q6: 2010 IG Sales - M€ | R6: x
C8: Country | D8: x | Q8: 2010 SFC - M€ | R8: x
Q11: Head Counts - Spot 2010 End | R11: x
C12: Activity | G12: Activity | Q12: Support Functions
C14: Commercial (OG Sales) | D14: x | E14: No | I14: OG Sales Products | R14: Out sourced/SSC | U14: Enter the name of Outsourcer if OG, the HFM code of SSC if IG
I16: OG Sales Solution level 1
I18: OG Sales Solution level 2 and/or 3 | Q18: HR | R18: x | S18: No
I20: OG Sales Services | Q20: IT | R20: x | S20: No
I22: Local workshop | Q22: Accounting | R22: x | S22: Yes | T22: x
C24: Regional Equipment Unit | D24: x | E24: No | I24: Local Adapted Products workshop | Q24: Controlling | R24: x | S24: Yes | T24: x
I26: Local logistics center | Q26: Tax & Legal | R26: x | S26: Yes | T26: x
C28: Distribution Center - CME | D28: x | E28: No | I28: Adapted Products workshop | Q28: Cash | R28: x | S28: Yes | T28: x
C30: Global Factory | D30: x | E30: No | I30: Local Factory | J30: x | K30: No | Q30: Credit | R30: x | S30: Yes | T30: x
C34: Shared Service Center | D34: x | E34: No | I34: SSC precise which function | Q34: Production Purchasing | R34: x | S34: No
C36: Research & Development | D36: x | E36: No | Q36: Projects Purchasing | R36: x | S36: No
C38: Other | D38: x | E38: No | I38: if other please precise | Q38: Non Production Purchasing | R38: x | S38: Yes | T38: x
C41: Managers assessing each cycle
C44: please enter name as per lotus notes address list | H44: Assess all cycles, even those outsourced
C46: Control Environment | D46: x | E46: 1 | Q46: Yellow Cells
C47: Sales & Marketing | D47: x | E47: 2
C48: Purchasing | D48: x | E48: 3 | Q48: will open or close cells for input, depending on answer Yes or No
C49: Manufacturing | D49: x | E49: 4
C50: Logistics | D50: x | E50: 5
C51: Customer Projects Execution | D51: x | E51: 6
C52: R&D | D52: x | E52: 7
C53: HR | D53: x | E53: 8
C54: IT | D54: x | E54: 9
C55: Accounting | D55: x | E55: 10
C56: Controlling | D56: x | E56: 11
C57: Tax & Legal | D57: x | E57: 12
C58: Cash | D58: x | E58: 13
C59: Credit | D59: x | E59: 14

Sheet KICs list
A1: Control Environment
A2: CE.01 | B2: Wording and Notation Guide lines have been revised, Risk assessment and Progress Plan templates provided. Please revise rating and description accordingly Our Principles of Responsibility are widely communicated to the employees in the local language(s). The General Manager of the entity is implementing a progress plan in order to ensure the PoR are respected.
B3: 1 - One or more of the points needed for rating 2 is missing 2 - The Group Principles of responsibility have been communicated to all employees in the entity. The Group Principles of Responsibility have been translated in local language(s) ), when relevant All new employees receive a copy of the PoR A PoR clause is included in all new employment contracts PoR have been included as part of the induction or training program 3 - in addition: A formal Risk Assessment has been completed at the country level A PoR Progress Plan has been prepared at the country level Both the Risk Assessment and the PoR Progress Plan are reviewed at least annually There is a link on the local Intranet to the PoR on the Corporate PoR Intranet 4 - in addition: The PoR Progress Plan is reviewed at least quarterly Your local Intranet Home Page includes a link to specific local ethical examples
A4: CE.02 | B4: Wording and Notation Guide lines have been revised, Template completed with Solutions rules. Please complete CoA, revise rating and description accordingly A Chart of Authority exists and is communicated, defining the level of approbation required for the main operations of the entity (at least 53 business decisions listed in attachment).
B5: 2 - a Chart of Authority (CoA) is defined, for the main operations of the entity (at least 53 business decisions listed in attachment) 3 - in addition: - The limits set in the CoA have been instructed or approved by the hierarchy or the Head of Management Entity. - The CoA defines approval flow for each business decision, mentioning approving positions. - The CoA communicated to all Managerial levels at each release. - The nominative list of people occupying the positions mentioned in the CoA updated with every personal move (in, out, internal move). 4 - in addition - The successive versions of the nominative list are filed for 5 years & can be retrieved upon a posteriori control. - In case of absence of an approver, a process is defined for day to day decisions, and a formal temporary delegation is formalized and filed for main approvers' long absence - Yearly, a random control is performed to check the CoA is strictly applied
A6: CE.03 | B6: Notation Guide lines have been revised, SoD matrix has been completed. Please revise Matrix, rating and description accordingly Duties are properly segregated between employees. A Segregation of Duties (SoD) analysis is performed and formalized in order to emphasize potential risk areas where mitigating controls (reviews, log analysis …) are then implemented.
B7: 1 - One or more of the points needed for rating 2 is missing 2 - The SoD Matrix is drawn for each person performing Purchasing/Procurement, Finance, Sales operations, using the Group SoD Matrix. The SoD Matrix shows no high SoD risks in Purchasing/Procurement, Finance, Sales operations, OR mitigating controls are defined and implemented for those high conflicts. 3 - in addition: The SoD Matrix is drawn for each person performing Payroll/HR, Inventory, IT operations using the Group SoD Matrix. The SoD Matrix shows no high SoD risks in Payroll/HR, Inventory, IT operations , OR mitigating controls are defined and implemented for those high conflicts. The SOD matrix has been reviewed less than 2 years ago. 4 - in addition: The SoD Matrix is drawn for each person performing any operation in the entity, using the Group SoD Matrix. The SoD Matrix shows no high SoD risks in any operation, OR mitigating controls are defined and implemented for those high conflicts. There is a process to review the SoD matrix once a year. Twice a year, a random control is perfomed to check the mitigating controls are properly implemented
A8: CE.041 | B8: Applicable to all sites, including Joint Ventures - A risk assessment is performed, updated yearly and reported: Risks which could impact your organization are identified Buildings, equipment, processes, functions which would be adversely impacted by those risks are identified The impact on Local and Group results and reputation is assessed - Solutions for reducing such impact are developed
B9: 1- Nothing is done 2-All potential man-made hazards (fire, theft, vehicle impact, fraud, vandalism,…) or natural disasters (flood, earthquake, lightning,…) are identified -All elements on site which could be adversely impacted are identified (buildings, equipment, process, functions, documents ,…) -The risk assessment is updated yearly 3- In addition, -All elements off-site which could be adversely impacted are identified -The consequences on the site activity are described and measured -All key functions (production, maintenance, finance, human resources, quality, crisis management,…) and the crisis management team are involved in the risk analysis -The risk assessment is updated at each significant change in the environment and/or organization of the site 4- In addition, Solutions are developed to prevent and/or reduce the risks having the most negative impact -All potential economical perils ( strikes, inflation, change in regulations, loss of key suppliers,…) are identified -The overall impact on the Group results or reputation is identified and reported to upper level -The risk assessment results are reported to management
A10: CE.042 | B10: Former KICs Business Continuity Plan has been split Applicable to all entities, including Joint Ventures Crisis Management preparedness plan does exist for the entity. It is regularly updated and all concerned managers are aware about it. A Business Continuity Plan (BCP) does exist for “Pandemic” conditions (high level of absenteeism). It is regularly updated, safely stored and all concerned managers know it.
B11: 1- Nothing is done 2- A Crisis Management preparedness plan can be provided for the entity. 3- In addition, -A BCP “Pandemic” can be provided for the entity. -The BCP « Pandemic » is stored in the Corporate Global BCM database 4 In addition, -The Crisis Management preparedness plan has been updated less than 2 years ago -The BCP “Pandemic” has been updated less than 2 years ago. - The last Crisis Management or BCP exercise was held under 3 years.
A12: CE.043 | B12: Former KIC BCP has been split For the sites identified in the scope, an Industrial BCP exists, is deployed, maintained and tested, The BCP is available in local language & English, easily accessible and saved in the dedicated central database
B13: 1- An action plan to mitigate against major risks is defined & followed 2- A business impact analysis determines continuity & recovery objectives for critical activities including local IT. (recovery time objective, maximum acceptable outage) - An Industrial Business Continuity Plan exists -The BCP is updated at least yearly . Update is traceable, available & adequately protected. 3- In addition - The BCP is available in local language & English -The BCP including local IT BIA is stored on the dedicated BCM server (https://sitebcm.org) & crisis management team is able to easily access & retrieve it (Internet access only required) -A communication plan to develop business continuity culture & awareness is performed 4- In addition, - Training, exercises & tests are conducted at planned intervals - BCP is monitored & evaluated (internal audits, management reviews ..), Lessons from exercises & actual incidents are reviewed
A14: CE.05 | B14: Retention of documents, records (including computer programs and data files): clear guidelines exist and are applied, in line with local regulations and business requirements for each process. Transfer Prices computation and relating documentation: retention period is 10years.
B15: 1 - There is no retention policy 2 - There are retention policies in the different departments, yet - they are not formalized - or if formalized, they are not gathered in one single policy for the entity - or some are not properly implemented 3 - A global retention policy is written for all domains concerned (legal, sales, accounting, taxes, quality etc…) and communicated. It is in line minimum with group requirements in terms of retention periods where there is a group requirement, and it is in line minimum with local regulatory requirements. Each concerned function implement it properly. 4 - A global retention policy is written for all domains concerned (legal, sales, accounting, taxes, quality etc…) and communicated. It is in line minimum with group requirements in terms of retention periods where there is a group requirement, and it is in line minimum with local regulatory requirements. Each concerned function implement it properly. There is a yearly process to review and adapt (if necessary) the policy (legal + Finance)
A16: Offer Creation Process
A17: OCP.01 | B17: Anticipation: A formalized process for ideas priorization is implemented, based upon shared business criteria and performed by a multi-fonctions team of managers. The Core business process Offer & Technology Management (OTM) fuels the project engine machine by: - studying market and customer - anticipating technologies - defining the strategy of offer development - planning solution & products roadmap and resulting projects opening through a priorization process.
B18: 1 - No formalized process for ideas prioritization; 2 - Collecting of ideas is organized, but ranking and selecting are not based upon shared business criteria and/or not performed by a multi-functions team of managers 3 - Formalized process for ideas prioritization is implemented, based upon shared business criteria and performed by a multi-functions team of managers 4 - Full usage of SPoT Strategic Portfolio Management system for Ideas prioritization
A19: OCP.02 | B19: Anticipation: Opening of major project is secured by a "30mn to convince step. 30mn to convince step includes: 1 - alignment: is the project an opportunity of obligation for = S =. 2 - Customer values: why the project is attractive to the maket, and how it addresses the customer' needs 3 - Risks: why the project is ready for opening according to the risks identified 4 - Resources & Skills: why the project is ready for opening according to ressources availability
B20: 1 - No 30' to convince usage 2 - 30' to convince used on some "New" type projects 3 - 30' to convince used systematically on all elected "New" type projects according to the Chart of Authority, in a dedicated pluri-disciplinary committee
A21: OCP.03 | B21: Execution: Projects risks and mitigation plans are systematically followed-up
B22: 1 - No formal Risk Assessment with a Risk Register 2 - Risk Assessment performed on major projects with a Risk Register 3 - Risk Assessment performed on major projects with a Risk Register updated at least before each Stage Gate and presented to the PSC 4 - Risk Assessment performed on all projects with a Risk Register updated at least before each Stage Gate and presented to the PSC
A23: OCP.04 | B23: Execution: A project contract book is shared and formally approved at <Do>. Contract book including all or part of the following items, according to project context: - Finalize project management plan with regard to project scope, organization, cost, schedule, risk and quality management - Dig into the risk status, to measure the feasibility and the viability on the market place and check there is no critical issue - Complete product & system requirements and finalize design, supply chain and quality specifications and list of Consistency Rules to be applied for the product - Prepare test strategy including validation plan (field tests, certification, ...) and verification plan - Finalize project financial assessment (BCFE) - Prepare industrial locations and supply chain organization - Prepare design resource center allocation - Get countries commitments to support launch and sales - Push Country Offer Introduction Process (COIN) initiation in countries
B24: 1 - No formal Contract book is done 2 - Informal Contract book is presented and/or not for all projects 3 - Standard and formal Contract book is presented, decision is made by managers within Steering Committee defined at <Open> 4 - Teams have a clear sense of commitment associated with the objectives defined in the contract book, and their performances are measured accordingly.
A25: OCP.05 | B25: Execution: Supplier selection process is shared and formally approved - supplier mapping which lists pre-selected suppliers is formalized, shared with the project team and with the commodity management for the Do decision - supplier allocation is formalized and OCP concentration report with K&C suppliers is performed for the Implement decision
B26: 1 : No formal supplier mapping & OCP concentration report 2 : Supplier mapping & OCP concentration report are performed on major projects only, 3 : Supplier mapping & OCP concentration report are performed on all projects 4 : Supplier mapping & OCP concentration report are performed on all projects and OCP concentration report is updated every quarter
A27: OCP.06 | B27: Execution: Product Evolution Process (PEP) consistency within OCP : Every product definition file must be transferred at the end of the Project Management Process (PMP) between the PRODUCE Stage Gate and the CLOSE. The Continuous Engineering team must be trained and the first request coming from the PMP team must be entered into the standard PEP project management tool (see intranet for details). For any subsitution project in PMP a Product Withdrawal Process (PWP) must be synchronized.
B28: 1 : No formal links between PMP, PEP and PWP 2 : No transfer of product file in PEP during SELL of PMP, no PWP initiated for substitution project in PMP 3 : Transfer from PMP to PEP is formal and the hand off is documented 4 : Transfer from PMP to PEP and links between PMP and PWP is planned and tracked. The TEMPO project management tool is used to enter the initial PMP request into PEP.
A29: OCP.07 | B29: Execution: Manufacturing Plants involvement : Manufacturing plants have an important role within the PEP. They are involved before DO in order to be sure that DO decision is done with all information, including the effective date. And they participate to every stage gates
B30: 1 : No visibility about readiness of Manufacturing plants on PCE portfolio. 2 : Manufacturing plants commit on effectivity date at DO or participate to the SELL Stage Gates 3 : Manufacturing plants commit on effectivity date at DO and participate to the SELL Stage Gates 4 : Manufacturing plants commit on effectivity date at DO and participate to the SELL and CLOSE Stage Gates
A31: OCP.08 | B31: Execution: Agreement on Launches between Businesses (BU) and Major countries: Businesses and Countries have to find an agreement when launching a new offer. CoLa is the standardized information system to systematize and structure this dialog between a Business and its major Countries.
B32: 1 - BU and Countries usually do not share written forecast about new launches 2 - BU and Countries usually share forecasts about new Launches; forecasts may not be validated by management; scope and format of forecasts are free. For organizations using CoLa, the Countries commitment rate (KPI #5) should be at least 50%. 3 - Forecasts from Countries are approved by Country management, and are consolidated at project level in BU. The organization uses CoLa, and the Countries reply rate (KPI #5) should be at least 75%. 4 - Agreements with countries are formalized and committed by Country managers. Commitments (or gaps) are used to drive project decisions (Go/NoGo, specific actions plans, etc.) and impact the project objectives at the DO decision. In CoLa, the rate of agreements confirmed for the entity (KPI#6) should be at least 75%.
A33: OCP.09 | B33: Monitoring: Project Portfolio reviews are regularly performed Resource allocation on projects, time deviation & projects synchronization are regularly reviewed by BU Management meeting in order to arbitrate between projects
B34: 1 - No formalized and single portfolio 2 - Single portfolio exists and is regularly updated, but no arbitration through dedicated committee 3 - Single portfolio exists, regularly updated, and arbitration through dedicated committee is systematically performed 4 - Full usage of SPoT system for Business Reviews and/or Projects/Portfolio Reviews
A35: OCP.10 | B35: Monitoring: Projects profitability is regularly followed-up Through Return On Investment (ROI)
B36: 1 - No ROI analysis on projects 2 - ROI on some projects 3 - ROI systematic on all projects, updated at DO and SELL 4 - ROI systematic on all projects, updated at each stage gate. ROI evolution is recorded and analysed 3 years after launch and used to fix new project ROI target
A37: OCP.11 | B37: Monitoring: there are formalised Projects stage gates crossing. A cross functional managerial team (Product/Project Steering Committee) is available and makes decisions on drifts from committments (What, When, How much ?) and risks
B38: 1 - No Steering Committee to make stage gate decision on each project 2 - One single dedicated Steering Committee to make stage gate decision on each project, but with limited traceability on stage gate crossing 3 - One single Steering Committee on each project, with systematic follow-up of each stage gate crossing 4 - Full usage of SCAN system
A39: OCP.12 | B39: Monitoring: Projects Manager & Projects Team responsibility: A transverse project leader has been appointed to drive (*) the projects. Cross functional project team is available. Project plan is tailored to actual stakes and risks (*) The "Project Manager" is accountable for ensuring that the project meets its goals for customer satisfaction & quality, time to market, development expenses and product costs.
B40: 1 - No project leader and / or limited project team representation 2 - Project leader available but attached to a function and not really accountable for all project objectives 3 - Transverse Project leader and fully representative cross functional project team are available 4 - In addition to S3 level, Project plan systematically reviewed and tailored to project context and risks
A41: OCP.13 | B41: Monitoring: Board of Changes efficiency The Board of change is the committee in charge of the PEP. It must be cross-functional including the Manufacturing Plants rep, and must regularly meet in order to make the right decision at the right time about project of evolution
B42: 1 : BOC does not exist 2 : BOC exists : but some functional representatives are missing or stage gate reviews are not discussed 3 : BOC exists : all functional representatives attend and stage gates are crossed with review of deliverables 4 : BOC exists as in level S3 and some additional committees or actions exist in order to anticipate projects
A43: OCP.14 | B43: Monitoring: Customer informed about Products Evolution : If a significant impact for customers is identified, then an appropriate information is provided to the customer information process in order to be broadcasted to the final customers
B44: 1 : No customer impact assessment and no information 2 : Customer impact is assessed, but information either not comprehensive or not on time 3 : Information is comprehensive and on time for PEP and PWP 4 : Information is comprehensive and on time for PEP and PWP and published on Pl@net
A45: OCP.15 | B45: IT data security: The assessment of internal control on the IT process of the entity (KICs IT.01 to IT.13) has been performed taking into consideration all IT means, tools and data specific to R&D activities. In addition, all sensitive (company confidential) R&D related data are protected and only accessible to the rightful users.
B46: 1. The IT KICs have not been completed, or the R&D full scope of means, tools or data has not been considered. 2. The IT KICs have been completed considering R&D OCP scope, but sensitive data protection scheme is not fully implemented. 3. ALL IT KICs have been answered considering R&D Scope and assessed to level 3 or 4 when applicable, and sensitive data protection scheme is fully implemented.
A47: OCP.16 | B47: Intellectual property protection process is in place, defining for each relating subject the decision criterias and the decision makers: - Ideas collection and selection - Creativity sessions and Patent idea workshops at the beginning of the project to file patents on all possible alternatives and build a fence of patents. - Local Patents Validation Committee for patenting decision - Geographical extensions and Reward
B48: 1 - There is no process for intellectual property protection 2 - There is a process in place for intellectual property protection for patenting decision and geographical extension, but either decision criterias or decision makers are not defined. 3 - There is a process in place for intellectual property protection for patenting decision and geographical extension, and decision criterias and decision makers are defined. 4 - There is a process in place for intellectual property protection, including all items above (ideas collection and selection, creativity sessions and patent ideas workshops, decision for patenting including geographical extension), with clear decision criterias and decision makers defined. In addition, a reward process is in place.
A49: Sales & Marketing
A50: SM.01 | B50: Commercial policy, for both Products and Project/Solutions sales, is written, implemented, and communicated internally and externally, to relevant recipients with relevant data. The Commercial policy for Projects/Solutions sales is written, implemented, communicated specifically for Contractors and End Users. It encompasses, at least, business rules / guidelines for contract construction (payment terms, warranty coverage, complaint process) and an internal process for contract approvals based on a delegation of authority matrix
B51: 1 - Products OR Projects commercial policy falls under following Products: There is no written internal document describing the commercial policy and/or three or more of the following items are missing: Customer Support Center, Commercial Logistic offer, Customer training offer, customer complaint process, standard discount rules, special discount process, payment terms, complete General sales conditions (refer to 15 items to be covered within reference document) Projects/Solutions: There are no written policy guidelines for constructing a contract and no written delegation of authority policy for accepting or not critical commitments for contractors and/or end users 2 - Products OR Projects commercial policy falls under following Products: There is a written internal document (or several documents are existing) describing the commercial policy but some channels (representing more than 10% of sales) and/or not more than two of the following items are missing: Customer Support Center, Commercial Logistic offer, Customer training offer, customer complaint process, standard discount rules, special discount process, payment terms, complete General sales conditions (refer to 15 items to be covered within reference document). Projects/Solutions: There is a written document for contractors and end users with delegation of authority matrix policy for contract approval. 3 - Products AND Projects commercial policy falls under following Products: There is a written internal document (or there are several documents) describing the commercial policy, all channels over 10% of turnover are covered, maximum one of these items is missing and/or is incomplete: Customer Support Center, Commercial Logistic offer, Customer training offer, customer complaint process, standard discount rules, special discount process, payment terms, complete General sales conditions (refer to 15 items to be covered within reference document). Projects/Solutions: There is a written document for contractors and end users with delegation of authority matrix policy for contract approval. And the target solution segments are defined and aligned with the group target segments as well as the target customers defined within those segments. 4 - Products AND Projects commercial policy falls under following Products: There is one written internal document describing the commercial policy, all channels are addressed; none of the following items is missing: Customer Support Center, Commercial Logistic offer, Customer training offer, customer complaint process, standard discount rules, special discount process, payment terms, complete General sales conditions (refer to 15 items to be covered within reference document). Marketing & Sales teams know and apply the Commercial policy. There are extracts documents for external communication to customer. Projects/Solutions: There is a written document for contractors and end users with delegation of authority matrix policy for contract approval.
A52: SM.02 | B52: List price uploading in the system is done and reviewed independently for accuracy and consistency (refer to document attached for examples). Reports extracted from the system comprising all changes made to pricing data within a period are reviewed by an independent person regularly. Access to modify price list is strictly restricted in the system, and the persons designated to create/ change prices are not able to create orders.
B53: 1 - No control on list price uploading performed - Access to modify price list is extended to many (over 50) people including people having the possibility to create/change orders. 2 - Basic control are made (a posteriori check of a sample of prices) but by the same people that uploaded the list. - Access to modify price list is limited to few people but some of them have possibility to creat/change orders orders. 3 - Extensive control of accuracy (comparing for a large number of prices) are made by different people than those uploading or modifying the price list. - Access to modify price list is strictly restricted in the system, and the persons designated to create/ change prices are not able to create orders. 4 - Extensive control of accuracy are made by different people than those uploading or modifying the price list. Reports extracted from the system comprising all changes made to pricing data within a period are available and are reviewed by an independent person regularly. - Access to modify price list is strictly restricted in the system, and the persons designated to create/ change prices are not able to create/change orders. Persons designated to create/ change prices are not related to the same hierarchy line that those creating/changing orders.
A54: SM.03 | B54: Additional discounts are controlled at order intake level in accordance with Chart of Authority. Standardized documentation to evidence management approval is used for all additional discounts and net prices.
B55: 1 - No process to control and approve discounts and net prices granted by sales forces on the field at order booking stage 2 - Process defines thresholds and related standardized documents to evidence management approval according to the Chart of Authority at order booking stage. Yet, in practice, documentation of approval not always available. 3 - Process defines thresholds and related standardized documents to evidence management approval according to the Chart of Authority at order booking stage. In practice, documentation of approval is always available. 4 - Process defines thresholds and related standardized documents to evidence management approval according to the Chart of Authority at order booking stage. Practices are compliant and filled information demonstrate through periodic controls consistent and sound detail level. An analysis is made based on those documents to monitor reasons and draw conclusions / action plans.
A56: SM.04 | B56: Notation Guidelines slightly modified - please revise rating and description accordingly Order cancellation process is monitored on a monthly basis. Ageing and cleaning of the backlog is performed monthly.
B57: 1 - Order cancellation is possible without approval process, OR No analysis of backlog ageing or no regular cleaning 2 - Order cancellation is possible only after approval process but with no further analysis, OR Analysis of ageing backlog and/or cleaning are made under management request 3 - Order cancellation is possible only after approval process. Analysis of cancellations are basic (only for stock management) AND Analysis of ageing backlog is made monthly. All delayed orders are analyzed and extensive cleaning is made. 4 - Order cancellation is possible only after approval process. Analysis of cancellations is exhaustive by Root causes and conclusions drawn (notably for stock management) AND Analysis of ageing backlog is made monthly. All delayed orders are analyzed and extensive cleaning is made. Root causes of existence of delayed orders are analyzed and continuous improvement objective are set to avoid repetition.
A58: SM.05 | B58: Notation Guidelines slightly modified - please revise rating and description accordingly Customers bonuses/ rebates are clearly documented in formalized agreements and/or contracts and they are properly controlled (calculation is done in coordination between Sales and Finance, in accordance with the contracts signed).
B59: 1 - There is no clear document defining at the beginning of the period percentage, trigger, base of calculation, condition of payment. 2 - There are documents defining at the beginning of the period percentage, trigger, base of calculation, condition of payment but actual bonuses/rebates are not aligned with rules defined in documents (payment without achieving targets for instance with no justifying documentation). 3 - There are agreements defining at the beginning of the period percentage, trigger, base of calculation, condition of payment and actual bonuses/rebates are globally aligned with rules defined in agreements. Exceptions are properly documented. Contracts are signed by the customers, and internally according to defined approval process. 4 - There are agreements. defining at the beginning of the period percentage, trigger, base of calculation, condition of payment and actual bonuses/rebates are systematically aligned with rules defined in agreements. Exceptions are properly documented. Contracts are signed by the customers, and internally according to defined approval process . Calculation is done in coordination with Finance.
A60: SM.06 | B60: COIN (Country Offer Introduction process) ownership, execution and follow-up .- A person is responsible for deploying, supporting and continuously improving the offer introduction process in the organization. .- A standard tool is available to guide the process execution. .- Managers have formalized the support and follow up of the process through project reviews. COIN is the standardized country process to support offers introductions, increasing efficiency (speed and quality) and enhancing coordination between Business Departments and Countries
B61: 1 - No owner and no standard tool exist. 2 - Owner is named, but not standard tool exist or is followed consistently. 3 - Owner is named, a COIN standard tool exists, all Strategic, Major and more than 25% of Evolutions offer introductions are done using the tool, and managerial follow up is in place. 4 - Owner named, COIN standard tool exists, tool maintenance/improvement process is in place, and COIN execution and offer introduction roadmap follow up are formalized as part of management team tasks, and all Strategic, Major and more than 50% of Evolutions offer introductions are planned using the standard tool.
A62: Purchasing
A63: PU.01 | B63: Our "Principles of Responsibility" are communicated and explained to the purchasing function (http://aafr0252.fr.schneider-electric.com/Global/devdur/en/HTML.nsf/pages/Our_Principles_of_responsibility) Purchasing Ethics and Obligation as described in Purchasing procedure D-HACO-M1-3 are known and commented to the purchasing function
B64: 1 - Group Principles of Responsibility have not been formally communicated in the entity - Or implementation process does not integrate a compliance check with local laws - Or Our PoR are not included in new hires contracts Or Purchasing Ethics and Obligation as described in Purchasing procedure D-HACO-M1-3 have not been communicated to the purchasing function 2 –Our Principles of Responsibility have formally been communicated within the entity, Our PoR have been reviewed by Legal dept., are supplemented with local obligations where needed - New employees receive a hard copy of Our PoR and a Clause is added in employment contract AND the Purchasing Ethics and Obligation procedure has been formally communicated and commented to the Purchasing people 3 - In addition to rating 2: - The communication of PoR & D-HACO-M1-3 Procedure are done at least once a year. 4 - 3 + a progress plan is in place and regularly reviewed
A65: PU.02 | B65: We pay a great attention to the segregation of duties Clear segregation takes place between specification of needs and Purchasing process Purchase Order is matched with Purchase Request and properly approved 3-way matching is performed among Purchase Order, Goods Receipt and Invoice prior to payment
B66: 1: There is no formal process to ensure effectives segregation of duties 2: There is a formal process to ensure effective segregation of duties, but it is not systematically applied 3: There is a formal process to ensure effective segregation of duties and it is systematically applied - Specification of needs and purchasing process are performed by independent bodies - Purchase Order is matched with Purchase request, and properly approved - 3 way match process is performed and formalized (including escalation process, registration of invoices with issue, issues resolution) Invoices with anomalies are registered (with payment block) or accrued and there is a formalized approval process to release invoices Invoices are released timely Supplier Masterfile: there is only one centralized supplier masterfile; access is properly restricted, change are reviewed on a regular basis (at least quartely) by an independent person who does not have edit access right to the file 4: 3 + a progress plan is in place and regularly reviewed
A67: PU.03 | B67: Supplier selection is based on formal criteria and formal awarding process, systematically involving the purchasing function Supplier qualification process (as described in Purchasing procedure P-HACO-R3-1) is respected for new supplier creation before any order (for productive Suppliers)
B68: 1: Supplier selection is not based on formal criteria and formal awarding process, or Supplier qualification process is not respected for new supplier creation before any order 2: Supplier selection is based on formal criteria and formal awarding process, and Supplier qualification process is respected for new supplier creation before any order - BUT one or both processes are not systematically applied 3: Supplier selection is SYSTEMATICALLY based on formal criteria and formal awarding process, Supplier qualification process is SYSTEMATICALLY respected for new supplier creation before any order (Productive Suppliers) Vendor selection is based on formal criteria and documents are filed, Vendor is selected with Purchasing approval and decision is formally communicated to all consulted Suppliers Schneider Supplier qualification process is implemented and systematically respected before any order (for productive Suppliers) Supplier creation/update is in line with Chart of Authority 4: 3 + a progress plan is in place (e.g., adaptation of process according to type of purchase) and regularly reviewed
A69: PU.04 | B69: Suppliers performance and risk are monitored and challenged Fact based Supplier performance assessment (at least along quality, logistics, and productivity axes) and formal business reviews: with specific focus on Supplier Orientation Charts/ Recommended Suppliers Regular Supplier risk assessment (including financial health): with specific focus on monosourcing situations Follow-up improvement action plans defined with Suppliers
B70: 1: A Supplier performance & risk management process aligned with above principles is not in place 2: A Supplier performance & risk management process aligned with above principles is in place, however not systematically applied 3: A Supplier performance management process aligned with above principles is in place and systematically applied - A Supplier risk management process does exist. Fact based Supplier performance assessment (at least along quality, logistics, and productivity axes) and formal business reviews with Supplier are performed , at least yearly and for Supplier Orientation Charts/ Recommended Suppliers Follow-up improvement action plans defined with Suppliers 4: A Supplier performance & risk management process aligned with above principles is in place and systematically applied 3+ Regular Supplier risk assessment is performed (including financial health): with specific focus on monosourcing situations
A71: PU.05 | B71: Commitments with suppliers are made according to internal processes and compliant with legal obligations Chart of Authority is defined and applied A defined policy (may be a local policy) is in place to determine the usage of different legal documents with different categories of suppliers Legal documents (e.g., contract, purchase order, general terms & conditions, specific logistics / quality specifications) are properly stored and updated Legal obligations are followed
B72: 1: No proper process in place (no delegation of authority, no proper legal documents management, legal rules unknown) 2 : Proper process is in place, but not systematically applied 3 : Proper process is in place, and systematically applied - Chart of Authority is defined and applied - A defined policy (at least at local level) is in place to determine the usage of different legal documents with different categories of suppliers (contract, PO with general terms & conditions, logistic / quality specifications). Deviation from this policy is following a formal approval process (at least at local level) Related legal documents are well stored and updated if necessary Legal obligations are followed 4: 3 + a progress plan is in place and regularly reviewed with legal department
A73: PU.06 | B73: Global Supplier Data base as a key management tool for our Purchasing activities is known and used Periodic Supplier data check and cleaning actions are performed on regular basis.
B74: 1- Venus is partially known and used 2- Production suppliers - the entity is dealing with - are created into Venus / Partial information on Non Production Suppliers exists and is updated 3- All Suppliers - the entity is dealing with - are fully updated in Venus and the spend and quality performance (for Production suppliers only) are available - Data check and cleaning actions are performed on regular basis 4- 3 + a progress plan is in place and regularly reviewed
A75: PU.07 | B75: Assess when Purchase function is totally or partially performed outside the entity (Production Purchase, Non Production Purchase, Projects). Purchasing function outside the entity has been consulted and involved in the assessment of Purchasing KICs of the entity. Provide Name and Organization of consulted/involved persons.
B76: 1- Persons performing Purchasing for the entity outside the entity have not been consulted for the current assessment. 3 - Persons performing Purchasing for the entity outside the entity have been consulted for the current assessment, They have been participating in and validating the KICs rating, description and action plan if any. Their names and organizations are provided in the description of this KIC.
A77: Manufacturing
A78: Mf.01 | B78: The CST Supply Chain Policy is familiar to all managers and plant strategies are consistent with that policy.
B79: 1. The Plant Manager is aware of the Schneider Industrial Policy. - The Plant Manager either has a hard copy of the Policy or can demonstrate where to find it on the Intranet. 2. The Plant Manager can explain the strategic objectives and key orientations of the Policy. - Key Managers in the facility are aware of the Schneider Industrial Policy. - Key Managers either have a hard copy of the Policy or can demonstrate where to find it on the Intranet. 3. Key Managers can explain strategic objectives and key orientations of the Policy. - The Plant can demonstrate successful deployment of 3 of 7 orientations. 4. The Plant can demonstrate successful deployment of 5 or more of 7 orientations.
A80: Mf.02 | B80: A CST Production System Assessment has been performed within the past three years for Manufacturing locations and Distribution and Logistics locations. In addition, manufacturing locations for Equipment (CTO/ETO?) will have also performed at least on Front End Assessment within the past three years. There are three distinct SPS Assessments: 1. SPS Manufacturing Core Assessment for use in all manufacturing plants and in Adaptation Centers with greater than 40 employees. 2. SPS Distribution Center Assessment for use in all IDC, RDC, and LDC locations and Logistics Territories. 3. SPS Equipment Front End Assessment for use in all equipment CTO & ETO manufacturing locations.
B81: 1. The Location Manager and the Location Team are working to make the Location compliant with the requirements of the Schneider Production System. - A self pre-assessment is recommended within 12 months of acquistion - A pre-assessment is required for locations within 24 months of acquisition - A regular assessment is required for locations, at a minimum, once every three years. 2. At least one SPS Assessmenet has been conducted within the past three years - The location assessment scorfe is =/> 240 points - The final report of the last assessment with action plan is posted on the SPS Intranet site. - If the location score is < 600 points it must have been audited (or planned to be audited) again within one year. 3. At least one SPS Assessmenet has been conducted within the past three years - The assessment score is =/> 600 points - The final report of the last assessment with action plan is posted on the SPS Intranet site. - The location can show evidence that the action plan from the last assessment was completed on time or is on schedule to be completed on time. 4. At least one SPS Assessmenet has been conducted within the past three years - The location assessment score is > 720 points - The final report of the last assessment with action plan is posted on the SPS Intranet site. - The location can show evidence that the action plan from the last assessment was completed on time or is on schedule to be completed on time.
A82: Mf.03 | B82: Ergonomic, Environmental & Safety standards are known, implemented and measured. The location has a documented Environmental Management System (EMS), is ISO 14000 certified, and has continuous improvement action plans running in all three areas.
B83: 1. Standard KPI's (MIR & SR & local legal requirements) are tracked. 2. The facility has a dedicated safety manager reporting to the plant manager and each manager is in charge of safety in his sector. A Health & Safety committe meets at leas 4 X per year. - There is minimally dedicated Environmental Engineer reporting to the Plant Manager or N-1 of the Plant Manager - Plant energy costs are tracked, and the 3 largest contributors to energy cost are identified. 3. The H&S committee meets monthly to set and track the company safety action plans. - An energy saving action plan exists to reduce plant energy costs. - Standard KPI's (MIR, SR & local legal requirements) are in continuous improvement over the past 12 months. - Local personnel (Engineers or Safety Engineers) have been trained and are familiar with the S.E. Ergonomics Handbook. - The facitlity is ISO 14000 certified. 4. H & S management system is formalized. H & S Committee meets monthly and regular audits are conducted monthly - action plan are led by each manager. - The energy action plan is yielding positive results and identifiable savings. - MIR is tracked & root cause analysis done to take corrective action.
A84: Mf.04 | B84: Short Interval Management and cross functional status reviews are implemented. Standardized performance and workload estimation / measurement are defined and in place for all employees. There is a measured and managed balance between objectives and resources.
B85: 1. Short Interval Management Cycles 1 & 2 are implemented for the manufacturing or distribution center operations floor. - There area daily SIM meetings, regularly held, in small groups or by work cell, around a SIM Cycle 1 board. 2. Short Interval Management Cycles 1 & 2 are deployed across the entire location. SIM Cycles 3, 4 and 5 have begun but are not yet efficient or regular 3. Short Interval Management Cycles 1, 2, 3, 4 & 5 are fully deployed - SIM Cycles 1 & 2 cover safety & health, quality, service, barriers, and employee suggestions - SIM Cycle 2 is attended by a representative from each functional support area, notes are taken, actions assigned, minutes available. Issues from Cycle 1 are escalated to Cycle 2 and can be followed upward. - SIM cycle 3: Operations and Functional Managers walk the production floor on a regular basis. - SIM cycle 4 & 5 are regularly scheduled (same day, same time, each week) and attended 4. All SIM cycles are fully deployed in operations and support. - look for SIM board and SIM meeting in operations and office departments - All MBC employees have calendars and "to do" lists. - All MBC employees plan and measure their time spent, their personal "red / green"
A86: Mf.05 | B86: The location utilizes Value Stream Management: first as a communication tool (to define baselines) then to identify opportunities for improvement and later to validate success. The location uses Value Stream Management to provide a strategic view of activities, escalated barrieres and "top down" initiatives and utilizes the appropriate tools from Lean and Six Sigma for root cause analysis and action that drives continuous improvement.
B87: 1. The location has been trained in the SPS LEI (Lean Enterprise Institute) version of VSM. Current state value stream maps created and used as a communication tool to document the current state. PLT (Production Lead Time) and PT (Process Time) are correctly calculated. 8D methodology is known and used. 2. Critical processes have current and future state Value Stream Maps which are used to identify opportunities for improvement. All salaried (MBC personnel) have been trained in 8D. 8D and Six Sigma (variation) and Lean (process) are applied where appropriate. - There is six sigma support (Black Belt)n either on site or from the supporting central team, for the facility actively dedicated to improvement projects and analysis. - There is Lean Expertise in the plant dedicated to the deployment of the SPS 3. The Plant Manager is the project sponsor for Six Sigma projects, Lean Kaizen events and TPM implementation - There is a combination of Lean and Six Sigma GB's actively working on continuous improvement projects, 1 for each 100 total employees. - The concept of Total Productive Maintenance is known and progress plans running. - All active Six Sigma Belts have been trained in Lean Kaizen methodology and can facilitate a kaizen event. 4. Value stream mapping is fully deployed and is the basis for improvement projects in operations and office functions. - Total Productive Maintenance is well deployed and there is evidence of continuous improvement in OEE. - Several 6 Sigma and / or Kaizen events are conducted within the year. 6 sigma result are challenged (average project duration < 6 months). - Value Stream Management is mature. At least 3 complete value stream cycles have been completed in operations areas. At least one complete value stream cycle has been completed in office and functional areas. - Extended Value Stream Mapping is understood and has been applied to some critical flows.
A88: Mf.06 | B88: The Quality Dashboard is reviewed weekly for any corrective action plan decision. Internal Quality KPI's or issues are addressed daily through Short Interval Management. A Customer Complaint Management Process (CCMP) exists, with a process owner. Customer Complaints are reviewed daily by the location Manager. Plant Return Rate (PRR) and Customer Service is tracked and reviewed on a regular basis, resolved and addressed with action plans that eliminate re-occurrence. Non Quality Costs are measured and analysed for action. The site is ISO 90001 certified.
B89: 1. There is a formal Schneider Customer Complaint Management Process (CCMP), the Schneider Claims management Process in known and followed, the Plant Return Rate (PRR) and On Time Deliver to Customer door (OTDC) are tracked calculated to the corporate definition. 2. Customer issues are discussed at least weekly in SIM Cycle 5. PRR is reviewed monthly, recorded in ONE reporting and corrective actions identified for each customer complaint. 3. The location has evidence of the top customer issues over past 24 months with solid corrective action plans to address issues. Minimal repeat issues with same customer. Evidence of effective PRR corrective actions. The PRR metric is better than the objective over the past 6 months and has improving trend for the last 12 months. Use of a Paynter chart shows repeat issues are infrequent. On Time Delivery Metrics show a positive trend over the past 12 months. 4. PRR is better than the objective over the past 12 months and has an improvement trend over past 24-36 months. Use of Paynter chart shows evidence of Zero repeat issues. On Time Delivery metric is in continuous improvement over the past 18 months.
A90: Mf.07 | B90: Supplier management is included in the Quality process, using SSQM tools.
B91: 1. Attribute / Visual incoming inspection for some supplies is documented - Non conformance rate metrics tracked for all suppliers - DPM Key Performance Indicators are implemented and calculated to corporate definition 2. SAM & SQM implemented respectively for some targeted suppliers and supplies - Attribute / measurement incoming inspection is implemented (in accordance with the SE Incoming Inspection Rules) as a minimum - Audits of critical part/component supplier manufacturing processes are planned every year but also achieved when necessary. 3. SAM and SQM implemented respectively for all targeted suppliers and components - Containment, corrective and preventive actions on Supplier issues are systematic and on time through 8D - Action plans developed with the 5 worst suppliers with respect to quality performance 4. DPM Key Performance Indicators show a sustained improvement over the last 12 months - Supplier Performance Module (SPM) fully implemented for critical suppliers which are challenged and evaluated on their quality improvement plans
A92: Mf.08 | B92: Capacity is in place to deliver 20% over peak forecast monthly demand, CAMA and CORIM (internal and external capacity) are measured. Production & procurement are managed in a “pull” mode system (according to real customer demand)
B93: 1. Capacity is documented and known for each cell or sector. There is an awareness of what is Single Piece Flow and some architecure to facilitate this is in place. 2. Capacity is known for each workstation: Time Traps (Bottlenecks) are known for each cell / sector. The bottlenecks are visually defined in the workplace. There is a capacity planning tool in place for each product assembly line (CAMA). Production moves in single piece flow or controlled lot sizes. There is no evidence of uncontrolled WIP in manufacturing. 3. Capacity Analysis has been performed with the appropriate tools (CAMA for product assembly lines and CORIM for tools or molds including outside tools or molds). The "rules" for calculating capacity based on Opening Time for workshops of 2 shifts for manual assembly (including ETO & cabling), 3 shifts for automated assembly are followed. The capacity in place meets the SPS Guidlines. Production is clearly pulled from assembly step to assembly step. 4. There have been no customer service issues due to capacity issues over the past 18 months. Sub-assemblies are pulled or incorporated in to the assembly cells. No sub-assemblies or molded parts (for internal use) are built to stock.
A94: Mf.09 | B94: The Bill of Material (BoM) is updated on a regular basis, the BoM from R&D is communicated to manufacturing. Segregation of Duties on the BoM update: only a limited number of independent persons have access to "change" rights in the BoM.
B95: 1. There is no explicit process from R&D for communication of BOM modification. The process owner and a process are defined to maintain BOM (Bill of Material) 2. There is a process from R&D for communication of BOM modification (at this level, this may not permit anticipation of purchases and stock management of old and new components). - Updates in the system may not always be done in a timely maner. - Access to "change" rights in the BOM are widely shared, or assigned to persons non independant from purchasing / producing 3. There is a clear process from R&D for communication of BOM modification, allowing anticipation of purchases and stock management (old and new components). - Updates to the system are done on a timely manner. There is a daily data cycle management process based on discrepancy reports generated by the ERP (examples are in Oracle, SAP, Bridge) - There is a Master Data Manager or Specialist who has full reponsibility to assure that Bills of Material are up to date and that when discrepancies are found, they are immediately fixed. - Only a limited number of independant persons have access to "change" rights in the BOM. 4. There is a regular review of BOM changes in the system and the plant can demonstrate that material scrap due to BOM changes is minimal. The Manufacturing Defect Rate (MDR) is not negatively impacted by BOM changes and there are no customer complaints due to incorrect BOM's. The plant takes preventive action and makes random audits of some BOMs on a regular basis.
A96: Mf.10 | B96: Production results are tracked & analysed (for action) at correct intervals. 1. Reported monthly: Dashboard report as required by corporate 2. Review and analyze monthly: inventory balance between received, consumed / produced and shipped materials, components and finished goods. 3. Action based on production results are managed internally through Short Interval Management on a daily and weekly frequency.
B97: 1. The Dashboard required by Corporate is not accurate or is not issued on a timely maner. There is no analysis of balance between received, consumed / produced and shipped. 2. The Dashboard required by Corporate is accurate and issued on a timely maner. The analysis of balance between received, consumed / produced and shipped is performed at least monthly, yet the level of detail does not allow to identify issues, or it is not share with the management for action plans implementation. 3. Dashboard required by Corporate is accurate and issued on a timely maner. The analysis of balance between received, consumed / produced and shipped is performed at least monthly, at the relevant detailed level to identify issues (namely by raw material, high cost components, by workshop …). Analysis is shared with the management, Action plans based on results of the analysis are implemented. 4. Dashboard required by Corporate is accurate and issued on a timely maner. The analysis of balance between received, consumed / produced and shipped is performed at least monthly, at the relevant detailed level to identify issues (namely by raw material, high cost components, by workshop …). Analysis is shared with the management. Action plans based on results of the analysis are implemented, and follown through Short Interval Management methodology.
A98: Logistics
A99: Lo.01 | B99: Ensure that the customer satisfaction and logistic KPIs (OTDS, OTDC, OTDC2, LCS, DIN) are calculated in accordance with Group rules and that a continuous improvement approach is in place. Considered dates represent effective commitments.
B100: 1 - KPIs are not available (either due to lack of logistic offer or by lack of proper tools). There is no calculation of those indicators on regular basis. 2 - The KPISs are calculated, but entity cannot ensure that they are in line with group rules as described in SC&L documents or they are not calculated on a regular basis. 3 - OTDC, OTDS, OTDC2, LCS, DIN are calculated in accordance with group rules. Daily analysis of OTD's figures. Improvement targets are defined and accompanied with action plans based on root cause issue analysis. 4 - OTDC, OTDS, OTDC2, LCS, DIN are calculated in accordance with group rules. Improvement targets are defined and accompanied with action plans based on issue analysis. Specifically for OTD's a detailed analysis is conducted on more than 50% of late deliveries everytime the performance is below target.
...

Sheet KICs Rating
A1: ALL | J1: ALL
H2: #NA | J2: =Identity!C46&" "&Identity!E46 -> Control Environment 1
A3: HFM Code | B3: =Identity!E4 -> 0 | H3: 1 | J3: =Identity!C47&" "&Identity!E47 -> Sales & Marketing 2
A4: Name of the Entity | B4: =Identity!E6 -> 0 | H4: 2 | J4: =Identity!C48&" "&Identity!E48 -> Purchasing 3
H5: 3 | J5: =Identity!C49&" "&Identity!E49 -> Manufacturing 4
A6: Control Environment | C6: Rating | D6: Efficiency | E6: Control description | F6: Attachment | H6: 4 | J6: =Identity!C50&" "&Identity!E50 -> Logistics 5
A7: CE.01 | B7: Wording and Notation Guide lines have been revised, Risk assessment and Progress Plan templates provided. Please revise rating and description accordingly Our Principles of Responsibility are widely communicated to the employees in the local language(s). The General Manager of the entity is implementing a progress plan in order to ensure the PoR are respected. | C7: #NA | J7: =Identity!C51&" "&Identity!E51 -> Customer Projects Execution 6
B8: 1 - One or more of the points needed for rating 2 is missing 2 - The Group Principles of responsibility have been communicated to all employees in the entity. The Group Principles of Responsibility have been translated in local language(s) ), when relevant All new employees receive a copy of the PoR A PoR clause is included in all new employment contracts PoR have been included as part of the induction or training program 3 - in addition: A formal Risk Assessment has been completed at the country level A PoR Progress Plan has been prepared at the country level Both the Risk Assessment and the PoR Progress Plan are reviewed at least annually There is a link on the local Intranet to the PoR on the Corporate PoR Intranet 4 - in addition: The PoR Progress Plan is reviewed at least quarterly Your local Intranet Home Page includes a link to specific local ethical examples | J8: =Identity!C52&" "&Identity!E52 -> R&D 7
A9: CE.02 | B9: Wording and Notation Guide lines have been revised, Template completed with Solutions rules. Please complete CoA, revise rating and description accordingly A Chart of Authority exists and is communicated, defining the level of approbation required for the main operations of the entity (at least 53 business decisions listed in attachment). | J9: =Identity!C53&" "&Identity!E53 -> HR 8
B10: 2 - a Chart of Authority (CoA) is defined, for the main operations of the entity (at least 53 business decisions listed in attachment) 3 - in addition: - The limits set in the CoA have been instructed or approved by the hierarchy or the Head of Management Entity. - The CoA defines approval flow for each business decision, mentioning approving positions. - The CoA communicated to all Managerial levels at each release. - The nominative list of people occupying the positions mentioned in the CoA updated with every personal move (in, out, internal move). 4 - in addition - The successive versions of the nominative list are filed for 5 years & can be retrieved upon a posteriori control. - In case of absence of an approver, a process is defined for day to day decisions, and a formal temporary delegation is formalized and filed for main approvers' long absence - Yearly, a random control is performed to check the CoA is strictly applied | J10: =Identity!C54&" "&Identity!E54 -> IT 9
A11: CE.03 | B11: Notation Guide lines have been revised, SoD matrix has been completed. Please revise Matrix, rating and description accordingly Duties are properly segregated between employees. A Segregation of Duties (SoD) analysis is performed and formalized in order to emphasize potential risk areas where mitigating controls (reviews, log analysis …) are then implemented. | J11: =Identity!C55&" "&Identity!E55 -> Accounting 10
B12: 1 - One or more of the points needed for rating 2 is missing 2 - The SoD Matrix is drawn for each person performing Purchasing/Procurement, Finance, Sales operations, using the Group SoD Matrix. The SoD Matrix shows no high SoD risks in Purchasing/Procurement, Finance, Sales operations, OR mitigating controls are defined and implemented for those high conflicts. 3 - in addition: The SoD Matrix is drawn for each person performing Payroll/HR, Inventory, IT operations using the Group SoD Matrix. The SoD Matrix shows no high SoD risks in Payroll/HR, Inventory, IT operations , OR mitigating controls are defined and implemented for those high conflicts. The SOD matrix has been reviewed less than 2 years ago. 4 - in addition: The SoD Matrix is drawn for each person performing any operation in the entity, using the Group SoD Matrix. The SoD Matrix shows no high SoD risks in any operation, OR mitigating controls are defined and implemented for those high conflicts. There is a process to review the SoD matrix once a year. Twice a year, a random control is perfomed to check the mitigating controls are properly implemented | J12: =Identity!C56&" "&Identity!E56 -> Controlling 11
A13: CE.041 | B13: Applicable to all sites, including Joint Ventures - A risk assessment is performed, updated yearly and reported: Risks which could impact your organization are identified Buildings, equipment, processes, functions which would be adversely impacted by those risks are identified The impact on Local and Group results and reputation is assessed - Solutions for reducing such impact are developed | J13: =Identity!C57&" "&Identity!E57 -> Tax & Legal 12
B14: 1- Nothing is done 2-All potential man-made hazards (fire, theft, vehicle impact, fraud, vandalism,…) or natural disasters (flood, earthquake, lightning,…) are identified -All elements on site which could be adversely impacted are identified (buildings, equipment, process, functions, documents ,…) -The risk assessment is updated yearly 3- In addition, -All elements off-site which could be adversely impacted are identified -The consequences on the site activity are described and measured -All key functions (production, maintenance, finance, human resources, quality, crisis management,…) and the crisis management team are involved in the risk analysis -The risk assessment is updated at each significant change in the environment and/or organization of the site 4- In addition, Solutions are developed to prevent and/or reduce the risks having the most negative impact -All potential economical perils ( strikes, inflation, change in regulations, loss of key suppliers,…) are identified -The overall impact on the Group results or reputation is identified and reported to upper level -The risk assessment results are reported to management | J14: =Identity!C58&" "&Identity!E58 -> Cash 13
A15: CE.042 | B15: Former KICs Business Continuity Plan has been split Applicable to all entities, including Joint Ventures Crisis Management preparedness plan does exist for the entity. It is regularly updated and all concerned managers are aware about it. A Business Continuity Plan (BCP) does exist for “Pandemic” conditions (high level of absenteeism). It is regularly updated, safely stored and all concerned managers know it. | J15: =Identity!C59&" "&Identity!E59 -> Credit 14
B16: 1- Nothing is done 2- A Crisis Management preparedness plan can be provided for the entity. 3- In addition, -A BCP “Pandemic” can be provided for the entity. -The BCP « Pandemic » is stored in the Corporate Global BCM database 4 In addition, -The Crisis Management preparedness plan has been updated less than 2 years ago -The BCP “Pandemic” has been updated less than 2 years ago. - The last Crisis Management or BCP exercise was held under 3 years. | J16: =Identity!C60&" "&Identity!E60
A17: CE.043 | B17: Former KIC BCP has been split For the sites identified in the scope, an Industrial BCP exists, is deployed, maintained and tested, The BCP is available in local language & English, easily accessible and saved in the dedicated central database
B18: 1- An action plan to mitigate against major risks is defined & followed 2- A business impact analysis determines continuity & recovery objectives for critical activities including local IT. (recovery time objective, maximum acceptable outage) - An Industrial Business Continuity Plan exists -The BCP is updated at least yearly . Update is traceable, available & adequately protected. 3- In addition - The BCP is available in local language & English -The BCP including local IT BIA is stored on the dedicated BCM server (https://sitebcm.org) & crisis management team is able to easily access & retrieve it (Internet access only required) -A communication plan to develop business continuity culture & awareness is performed 4- In addition, - Training, exercises & tests are conducted at planned intervals - BCP is monitored & evaluated (internal audits, management reviews ..), Lessons from exercises & actual incidents are reviewed
A19: CE.05 | B19: Retention of documents, records (including computer programs and data files): clear guidelines exist and are applied, in line with local regulations and business requirements for each process. Transfer Prices computation and relating documentation: retention period is 10years.
B20: 1 - There is no retention policy 2 - There are retention policies in the different departments, yet - they are not formalized - or if formalized, they are not gathered in one single policy for the entity - or some are not properly implemented 3 - A global retention policy is written for all domains concerned (legal, sales, accounting, taxes, quality etc…) and communicated. It is in line minimum with group requirements in terms of retention periods where there is a group requirement, and it is in line minimum with local regulatory requirements. Each concerned function implement it properly. 4 - A global retention policy is written for all domains concerned (legal, sales, accounting, taxes, quality etc…) and communicated. It is in line minimum with group requirements in terms of retention periods where there is a group requirement, and it is in line minimum with local regulatory requirements. Each concerned function implement it properly. There is a yearly process to review and adapt (if necessary) the policy (legal + Finance)
A21: Offer Creation Process
A22: OCP.01 | B22: Anticipation: A formalized process for ideas priorization is implemented, based upon shared business criteria and performed by a multi-fonctions team of managers. The Core business process Offer & Technology Management (OTM) fuels the project engine machine by: - studying market and customer - anticipating technologies - defining the strategy of offer development - planning solution & products roadmap and resulting projects opening through a priorization process.
B23: 1 - No formalized process for ideas prioritization; 2 - Collecting of ideas is organized, but ranking and selecting are not based upon shared business criteria and/or not performed by a multi-functions team of managers 3 - Formalized process for ideas prioritization is implemented, based upon shared business criteria and performed by a multi-functions team of managers 4 - Full usage of SPoT Strategic Portfolio Management system for Ideas prioritization
A24: OCP.02 | B24: Anticipation: Opening of major project is secured by a "30mn to convince step. 30mn to convince step includes: 1 - alignment: is the project an opportunity of obligation for = S =. 2 - Customer values: why the project is attractive to the maket, and how it addresses the customer' needs 3 - Risks: why the project is ready for opening according to the risks identified 4 - Resources & Skills: why the project is ready for opening according to ressources availability
B25: 1 - No 30' to convince usage 2 - 30' to convince used on some "New" type projects 3 - 30' to convince used systematically on all elected "New" type projects according to the Chart of Authority, in a dedicated pluri-disciplinary committee
A26: OCP.03 | B26: Execution: Projects risks and mitigation plans are systematically followed-up
B27: 1 - No formal Risk Assessment with a Risk Register 2 - Risk Assessment performed on major projects with a Risk Register 3 - Risk Assessment performed on major projects with a Risk Register updated at least before each Stage Gate and presented to the PSC 4 - Risk Assessment performed on all projects with a Risk Register updated at least before each Stage Gate and presented to the PSC
A28: OCP.04 | B28: Execution: A project contract book is shared and formally approved at <Do>. Contract book including all or part of the following items, according to project context: - Finalize project management plan with regard to project scope, organization, cost, schedule, risk and quality management - Dig into the risk status, to measure the feasibility and the viability on the market place and check there is no critical issue - Complete product & system requirements and finalize design, supply chain and quality specifications and list of Consistency Rules to be applied for the product - Prepare test strategy including validation plan (field tests, certification, ...) and verification plan - Finalize project financial assessment (BCFE) - Prepare industrial locations and supply chain organization - Prepare design resource center allocation - Get countries commitments to support launch and sales - Push Country Offer Introduction Process (COIN) initiation in countries
B29: 1 - No formal Contract book is done 2 - Informal Contract book is presented and/or not for all projects 3 - Standard and formal Contract book is presented, decision is made by managers within Steering Committee defined at <Open> 4 - Teams have a clear sense of commitment associated with the objectives defined in the contract book, and their performances are measured accordingly.
A30: OCP.05 | B30: Execution: Supplier selection process is shared and formally approved - supplier mapping which lists pre-selected suppliers is formalized, shared with the project team and with the commodity management for the Do decision - supplier allocation is formalized and OCP concentration report with K&C suppliers is performed for the Implement decision
B31: 1 : No formal supplier mapping & OCP concentration report 2 : Supplier mapping & OCP concentration report are performed on major projects only, 3 : Supplier mapping & OCP concentration report are performed on all projects 4 : Supplier mapping & OCP concentration report are performed on all projects and OCP concentration report is updated every quarter
A32: OCP.06 | B32: Execution: Product Evolution Process (PEP) consistency within OCP : Every product definition file must be transferred at the end of the Project Management Process (PMP) between the PRODUCE Stage Gate and the CLOSE. The Continuous Engineering team must be trained and the first request coming from the PMP team must be entered into the standard PEP project management tool (see intranet for details). For any subsitution project in PMP a Product Withdrawal Process (PWP) must be synchronized.
B33: 1 : No formal links between PMP, PEP and PWP 2 : No transfer of product file in PEP during SELL of PMP, no PWP initiated for substitution project in PMP 3 : Transfer from PMP to PEP is formal and the hand off is documented 4 : Transfer from PMP to PEP and links between PMP and PWP is planned and tracked. The TEMPO project management tool is used to enter the initial PMP request into PEP.
A34: OCP.07 | B34: Execution: Manufacturing Plants involvement : Manufacturing plants have an important role within the PEP. They are involved before DO in order to be sure that DO decision is done with all information, including the effective date. And they participate to every stage gates
B35: 1 : No visibility about readiness of Manufacturing plants on PCE portfolio. 2 : Manufacturing plants commit on effectivity date at DO or participate to the SELL Stage Gates 3 : Manufacturing plants commit on effectivity date at DO and participate to the SELL Stage Gates 4 : Manufacturing plants commit on effectivity date at DO and participate to the SELL and CLOSE Stage Gates
A36: OCP.08 | B36: Execution: Agreement on Launches between Businesses (BU) and Major countries: Businesses and Countries have to find an agreement when launching a new offer. CoLa is the standardized information system to systematize and structure this dialog between a Business and its major Countries.
B37: 1 - BU and Countries usually do not share written forecast about new launches 2 - BU and Countries usually share forecasts about new Launches; forecasts may not be validated by management; scope and format of forecasts are free. For organizations using CoLa, the Countries commitment rate (KPI #5) should be at least 50%. 3 - Forecasts from Countries are approved by Country management, and are consolidated at project level in BU. The organization uses CoLa, and the Countries reply rate (KPI #5) should be at least 75%. 4 - Agreements with countries are formalized and committed by Country managers. Commitments (or gaps) are used to drive project decisions (Go/NoGo, specific actions plans, etc.) and impact the project objectives at the DO decision. In CoLa, the rate of agreements confirmed for the entity (KPI#6) should be at least 75%.
A38: OCP.09 | B38: Monitoring: Project Portfolio reviews are regularly performed Resource allocation on projects, time deviation & projects synchronization are regularly reviewed by BU Management meeting in order to arbitrate between projects
B39: 1 - No formalized and single portfolio 2 - Single portfolio exists and is regularly updated, but no arbitration through dedicated committee 3 - Single portfolio exists, regularly updated, and arbitration through dedicated committee is systematically performed 4 - Full usage of SPoT system for Business Reviews and/or Projects/Portfolio Reviews
A40: OCP.10 | B40: Monitoring: Projects profitability is regularly followed-up Through Return On Investment (ROI)
B41: 1 - No ROI analysis on projects 2 - ROI on some projects 3 - ROI systematic on all projects, updated at DO and SELL 4 - ROI systematic on all projects, updated at each stage gate. ROI evolution is recorded and analysed 3 years after launch and used to fix new project ROI target
A42: OCP.11 | B42: Monitoring: there are formalised Projects stage gates crossing. A cross functional managerial team (Product/Project Steering Committee) is available and makes decisions on drifts from committments (What, When, How much ?) and risks
B43: 1 - No Steering Committee to make stage gate decision on each project 2 - One single dedicated Steering Committee to make stage gate decision on each project, but with limited traceability on stage gate crossing 3 - One single Steering Committee on each project, with systematic follow-up of each stage gate crossing 4 - Full usage of SCAN system
A44: OCP.12 | B44: Monitoring: Projects Manager & Projects Team responsibility: A transverse project leader has been appointed to drive (*) the projects. Cross functional project team is available. Project plan is tailored to actual stakes and risks (*) The "Project Manager" is accountable for ensuring that the project meets its goals for customer satisfaction & quality, time to market, development expenses and product costs.
B45: 1 - No project leader and / or limited project team representation 2 - Project leader available but attached to a function and not really accountable for all project objectives 3 - Transverse Project leader and fully representative cross functional project team are available 4 - In addition to S3 level, Project plan systematically reviewed and tailored to project context and risks
A46: OCP.13 | B46: Monitoring: Board of Changes efficiency The Board of change is the committee in charge of the PEP. It must be cross-functional including the Manufacturing Plants rep, and must regularly meet in order to make the right decision at the right time about project of evolution
B47: 1 : BOC does not exist 2 : BOC exists : but some functional representatives are missing or stage gate reviews are not discussed 3 : BOC exists : all functional representatives attend and stage gates are crossed with review of deliverables 4 : BOC exists as in level S3 and some additional committees or actions exist in order to anticipate projects
A48: OCP.14 | B48: Monitoring: Customer informed about Products Evolution : If a significant impact for customers is identified, then an appropriate information is provided to the customer information process in order to be broadcasted to the final customers
B49: 1 : No customer impact assessment and no information 2 : Customer impact is assessed, but information either not comprehensive or not on time 3 : Information is comprehensive and on time for PEP and PWP 4 : Information is comprehensive and on time for PEP and PWP and published on Pl@net
A50: OCP.15 | B50: IT data security: The assessment of internal control on the IT process of the entity (KICs IT.01 to IT.13) has been performed taking into consideration all IT means, tools and data specific to R&D activities. In addition, all sensitive (company confidential) R&D related data are protected and only accessible to the rightful users.
B51: 1. The IT KICs have not been completed, or the R&D full scope of means, tools or data has not been considered. 2. The IT KICs have been completed considering R&D OCP scope, but sensitive data protection scheme is not fully implemented. 3. ALL IT KICs have been answered considering R&D Scope and assessed to level 3 or 4 when applicable, and sensitive data protection scheme is fully implemented.
A52: OCP.16 | B52: Intellectual property protection process is in place, defining for each relating subject the decision criterias and the decision makers: - Ideas collection and selection - Creativity sessions and Patent idea workshops at the beginning of the project to file patents on all possible alternatives and build a fence of patents. - Local Patents Validation Committee for patenting decision - Geographical extensions and Reward
B53: 1 - There is no process for intellectual property protection 2 - There is a process in place for intellectual property protection for patenting decision and geographical extension, but either decision criterias or decision makers are not defined. 3 - There is a process in place for intellectual property protection for patenting decision and geographical extension, and decision criterias and decision makers are defined. 4 - There is a process in place for intellectual property protection, including all items above (ideas collection and selection, creativity sessions and patent ideas workshops, decision for patenting including geographical extension), with clear decision criterias and decision makers defined. In addition, a reward process is in place.
A54: Sales & Marketing
A55: SM.01 | B55: Commercial policy, for both Products and Project/Solutions sales, is written, implemented, and communicated internally and externally, to relevant recipients with relevant data. The Commercial policy for Projects/Solutions sales is written, implemented, communicated specifically for Contractors and End Users. It encompasses, at least, business rules / guidelines for contract construction (payment terms, warranty coverage, complaint process) and an internal process for contract approvals based on a delegation of authority matrix
B56: 1 - Products OR Projects commercial policy falls under following Products: There is no written internal document describing the commercial policy and/or three or more of the following items are missing: Customer Support Center, Commercial Logistic offer, Customer training offer, customer complaint process, standard discount rules, special discount process, payment terms, complete General sales conditions (refer to 15 items to be covered within reference document) Projects/Solutions: There are no written policy guidelines for constructing a contract and no written delegation of authority policy for accepting or not critical commitments for contractors and/or end users 2 - Products OR Projects commercial policy falls under following Products: There is a written internal document (or several documents are existing) describing the commercial policy but some channels (representing more than 10% of sales) and/or not more than two of the following items are missing: Customer Support Center, Commercial Logistic offer, Customer training offer, customer complaint process, standard discount rules, special discount process, payment terms, complete General sales conditions (refer to 15 items to be covered within reference document). Projects/Solutions: There is a written document for contractors and end users with delegation of authority matrix policy for contract approval. 3 - Products AND Projects commercial policy falls under following Products: There is a written internal document (or there are several documents) describing the commercial policy, all channels over 10% of turnover are covered, maximum one of these items is missing and/or is incomplete: Customer Support Center, Commercial Logistic offer, Customer training offer, customer complaint process, standard discount rules, special discount process, payment terms, complete General sales conditions (refer to 15 items to be covered within reference document). Projects/Solutions: There is a written document for contractors and end users with delegation of authority matrix policy for contract approval. And the target solution segments are defined and aligned with the group target segments as well as the target customers defined within those segments. 4 - Products AND Projects commercial policy falls under following Products: There is one written internal document describing the commercial policy, all channels are addressed; none of the following items is missing: Customer Support Center, Commercial Logistic offer, Customer training offer, customer complaint process, standard discount rules, special discount process, payment terms, complete General sales conditions (refer to 15 items to be covered within reference document). Marketing & Sales teams know and apply the Commercial policy. There are extracts documents for external communication to customer. Projects/Solutions: There is a written document for contractors and end users with delegation of authority matrix policy for contract approval.
A57: SM.02 | B57: List price uploading in the system is done and reviewed independently for accuracy and consistency (refer to document attached for examples). Reports extracted from the system comprising all changes made to pricing data within a period are reviewed by an independent person regularly. Access to modify price list is strictly restricted in the system, and the persons designated to create/ change prices are not able to create orders.
B58: 1 - No control on list price uploading performed - Access to modify price list is extended to many (over 50) people including people having the possibility to create/change orders. 2 - Basic control are made (a posteriori check of a sample of prices) but by the same people that uploaded the list. - Access to modify price list is limited to few people but some of them have possibility to creat/change orders orders. 3 - Extensive control of accuracy (comparing for a large number of prices) are made by different people than those uploading or modifying the price list. - Access to modify price list is strictly restricted in the system, and the persons designated to create/ change prices are not able to create orders. 4 - Extensive control of accuracy are made by different people than those uploading or modifying the price list. Reports extracted from the system comprising all changes made to pricing data within a period are available and are reviewed by an independent person regularly. - Access to modify price list is strictly restricted in the system, and the persons designated to create/ change prices are not able to create/change orders. Persons designated to create/ change prices are not related to the same hierarchy line that those creating/changing orders.
A59: SM.03 | B59: Additional discounts are controlled at order intake level in accordance with Chart of Authority. Standardized documentation to evidence management approval is used for all additional discounts and net prices.
B60: 1 - No process to control and approve discounts and net prices granted by sales forces on the field at order booking stage 2 - Process defines thresholds and related standardized documents to evidence management approval according to the Chart of Authority at order booking stage. Yet, in practice, documentation of approval not always available. 3 - Process defines thresholds and related standardized documents to evidence management approval according to the Chart of Authority at order booking stage. In practice, documentation of approval is always available. 4 - Process defines thresholds and related standardized documents to evidence management approval according to the Chart of Authority at order booking stage. Practices are compliant and filled information demonstrate through periodic controls consistent and sound detail level. An analysis is made based on those documents to monitor reasons and draw conclusions / action plans.
A61: SM.04 | B61: Notation Guidelines slightly modified - please revise rating and description accordingly Order cancellation process is monitored on a monthly basis. Ageing and cleaning of the backlog is performed monthly.
B62: 1 - Order cancellation is possible without approval process, OR No analysis of backlog ageing or no regular cleaning 2 - Order cancellation is possible only after approval process but with no further analysis, OR Analysis of ageing backlog and/or cleaning are made under management request 3 - Order cancellation is possible only after approval process. Analysis of cancellations are basic (only for stock management) AND Analysis of ageing backlog is made monthly. All delayed orders are analyzed and extensive cleaning is made. 4 - Order cancellation is possible only after approval process. Analysis of cancellations is exhaustive by Root causes and conclusions drawn (notably for stock management) AND Analysis of ageing backlog is made monthly. All delayed orders are analyzed and extensive cleaning is made. Root causes of existence of delayed orders are analyzed and continuous improvement objective are set to avoid repetition.
A63: SM.05 | B63: Notation Guidelines slightly modified - please revise rating and description accordingly Customers bonuses/ rebates are clearly documented in formalized agreements and/or contracts and they are properly controlled (calculation is done in coordination between Sales and Finance, in accordance with the contracts signed).
B64: 1 - There is no clear document defining at the beginning of the period percentage, trigger, base of calculation, condition of payment. 2 - There are documents defining at the beginning of the period percentage, trigger, base of calculation, condition of payment but actual bonuses/rebates are not aligned with rules defined in documents (payment without achieving targets for instance with no justifying documentation). 3 - There are agreements defining at the beginning of the period percentage, trigger, base of calculation, condition of payment and actual bonuses/rebates are globally aligned with rules defined in agreements. Exceptions are properly documented. Contracts are signed by the customers, and internally according to defined approval process. 4 - There are agreements. defining at the beginning of the period percentage, trigger, base of calculation, condition of payment and actual bonuses/rebates are systematically aligned with rules defined in agreements. Exceptions are properly documented. Contracts are signed by the customers, and internally according to defined approval process . Calculation is done in coordination with Finance.
A65: SM.06 | B65: COIN (Country Offer Introduction process) ownership, execution and follow-up .- A person is responsible for deploying, supporting and continuously improving the offer introduction process in the organization. .- A standard tool is available to guide the process execution. .- Managers have formalized the support and follow up of the process through project reviews. COIN is the standardized country process to support offers introductions, increasing efficiency (speed and quality) and enhancing coordination between Business Departments and Countries
B66: 1 - No owner and no standard tool exist. 2 - Owner is named, but not standard tool exist or is followed consistently. 3 - Owner is named, a COIN standard tool exists, all Strategic, Major and more than 25% of Evolutions offer introductions are done using the tool, and managerial follow up is in place. 4 - Owner named, COIN standard tool exists, tool maintenance/improvement process is in place, and COIN execution and offer introduction roadmap follow up are formalized as part of management team tasks, and all Strategic, Major and more than 50% of Evolutions offer introductions are planned using the standard tool.
A67: Purchasing
A68: PU.01 | B68: Our "Principles of Responsibility" are communicated and explained to the purchasing function (http://aafr0252.fr.schneider-electric.com/Global/devdur/en/HTML.nsf/pages/Our_Principles_of_responsibility) Purchasing Ethics and Obligation as described in Purchasing procedure D-HACO-M1-3 are known and commented to the purchasing function
B69: 1 - Group Principles of Responsibility have not been formally communicated in the entity - Or implementation process does not integrate a compliance check with local laws - Or Our PoR are not included in new hires contracts Or Purchasing Ethics and Obligation as described in Purchasing procedure D-HACO-M1-3 have not been communicated to the purchasing function 2 –Our Principles of Responsibility have formally been communicated within the entity, Our PoR have been reviewed by Legal dept., are supplemented with local obligations where needed - New employees receive a hard copy of Our PoR and a Clause is added in employment contract AND the Purchasing Ethics and Obligation procedure has been formally communicated and commented to the Purchasing people 3 - In addition to rating 2: - The communication of PoR & D-HACO-M1-3 Procedure are done at least once a year. 4 - 3 + a progress plan is in place and regularly reviewed
A70: PU.02 | B70: We pay a great attention to the segregation of duties Clear segregation takes place between specification of needs and Purchasing process Purchase Order is matched with Purchase Request and properly approved 3-way matching is performed among Purchase Order, Goods Receipt and Invoice prior to payment
B71: 1: There is no formal process to ensure effectives segregation of duties 2: There is a formal process to ensure effective segregation of duties, but it is not systematically applied 3: There is a formal process to ensure effective segregation of duties and it is systematically applied - Specification of needs and purchasing process are performed by independent bodies - Purchase Order is matched with Purchase request, and properly approved - 3 way match process is performed and formalized (including escalation process, registration of invoices with issue, issues resolution) Invoices with anomalies are registered (with payment block) or accrued and there is a formalized approval process to release invoices Invoices are released timely Supplier Masterfile: there is only one centralized supplier masterfile; access is properly restricted, change are reviewed on a regular basis (at least quartely) by an independent person who does not have edit access right to the file 4: 3 + a progress plan is in place and regularly reviewed
A72: PU.03 | B72: Supplier selection is based on formal criteria and formal awarding process, systematically involving the purchasing function Supplier qualification process (as described in Purchasing procedure P-HACO-R3-1) is respected for new supplier creation before any order (for productive Suppliers)
B73: 1: Supplier selection is not based on formal criteria and formal awarding process, or Supplier qualification process is not respected for new supplier creation before any order 2: Supplier selection is based on formal criteria and formal awarding process, and Supplier qualification process is respected for new supplier creation before any order - BUT one or both processes are not systematically applied 3: Supplier selection is SYSTEMATICALLY based on formal criteria and formal awarding process, Supplier qualification process is SYSTEMATICALLY respected for new supplier creation before any order (Productive Suppliers) Vendor selection is based on formal criteria and documents are filed, Vendor is selected with Purchasing approval and decision is formally communicated to all consulted Suppliers Schneider Supplier qualification process is implemented and systematically respected before any order (for productive Suppliers) Supplier creation/update is in line with Chart of Authority 4: 3 + a progress plan is in place (e.g., adaptation of process according to type of purchase) and regularly reviewed
A74: PU.04 | B74: Suppliers performance and risk are monitored and challenged Fact based Supplier performance assessment (at least along quality, logistics, and productivity axes) and formal business reviews: with specific focus on Supplier Orientation Charts/ Recommended Suppliers Regular Supplier risk assessment (including financial health): with specific focus on monosourcing situations Follow-up improvement action plans defined with Suppliers
B75: 1: A Supplier performance & risk management process aligned with above principles is not in place 2: A Supplier performance & risk management process aligned with above principles is in place, however not systematically applied 3: A Supplier performance management process aligned with above principles is in place and systematically applied - A Supplier risk management process does exist. Fact based Supplier performance assessment (at least along quality, logistics, and productivity axes) and formal business reviews with Supplier are performed , at least yearly and for Supplier Orientation Charts/ Recommended Suppliers Follow-up improvement action plans defined with Suppliers 4: A Supplier performance & risk management process aligned with above principles is in place and systematically applied 3+ Regular Supplier risk assessment is performed (including financial health): with specific focus on monosourcing situations
A76: PU.05 | B76: Commitments with suppliers are made according to internal processes and compliant with legal obligations Chart of Authority is defined and applied A defined policy (may be a local policy) is in place to determine the usage of different legal documents with different categories of suppliers Legal documents (e.g., contract, purchase order, general terms & conditions, specific logistics / quality specifications) are properly stored and updated Legal obligations are followed
B77: 1: No proper process in place (no delegation of authority, no proper legal documents management, legal rules unknown) 2 : Proper process is in place, but not systematically applied 3 : Proper process is in place, and systematically applied - Chart of Authority is defined and applied - A defined policy (at least at local level) is in place to determine the usage of different legal documents with different categories of suppliers (contract, PO with general terms & conditions, logistic / quality specifications). Deviation from this policy is following a formal approval process (at least at local level) Related legal documents are well stored and updated if necessary Legal obligations are followed 4: 3 + a progress plan is in place and regularly reviewed with legal department
A78: PU.06 | B78: Global Supplier Data base as a key management tool for our Purchasing activities is known and used Periodic Supplier data check and cleaning actions are performed on regular basis.
B79: 1- Venus is partially known and used 2- Production suppliers - the entity is dealing with - are created into Venus / Partial information on Non Production Suppliers exists and is updated 3- All Suppliers - the entity is dealing with - are fully updated in Venus and the spend and quality performance (for Production suppliers only) are available - Data check and cleaning actions are performed on regular basis 4- 3 + a progress plan is in place and regularly reviewed
A80: PU.07 | B80: Assess when Purchase function is totally or partially performed outside the entity (Production Purchase, Non Production Purchase, Projects). Purchasing function outside the entity has been consulted and involved in the assessment of Purchasing KICs of the entity. Provide Name and Organization of consulted/involved persons.
B81: 1- Persons performing Purchasing for the entity outside the entity have not been consulted for the current assessment. 3 - Persons performing Purchasing for the entity outside the entity have been consulted for the current assessment, They have been participating in and validating the KICs rating, description and action plan if any. Their names and organizations are provided in the description of this KIC.
A82: Manufacturing
A83: Mf.01 | B83: The CST Supply Chain Policy is familiar to all managers and plant strategies are consistent with that policy.
B84: 1. The Plant Manager is aware of the Schneider Industrial Policy. - The Plant Manager either has a hard copy of the Policy or can demonstrate where to find it on the Intranet. 2. The Plant Manager can explain the strategic objectives and key orientations of the Policy. - Key Managers in the facility are aware of the Schneider Industrial Policy. - Key Managers either have a hard copy of the Policy or can demonstrate where to find it on the Intranet. 3. Key Managers can explain strategic objectives and key orientations of the Policy. - The Plant can demonstrate successful deployment of 3 of 7 orientations. 4. The Plant can demonstrate successful deployment of 5 or more of 7 orientations.
A85: Mf.02 | B85: A CST Production System Assessment has been performed within the past three years for Manufacturing locations and Distribution and Logistics locations. In addition, manufacturing locations for Equipment (CTO/ETO?) will have also performed at least on Front End Assessment within the past three years. There are three distinct SPS Assessments: 1. SPS Manufacturing Core Assessment for use in all manufacturing plants and in Adaptation Centers with greater than 40 employees. 2. SPS Distribution Center Assessment for use in all IDC, RDC, and LDC locations and Logistics Territories. 3. SPS Equipment Front End Assessment for use in all equipment CTO & ETO manufacturing locations.
B86: 1. The Location Manager and the Location Team are working to make the Location compliant with the requirements of the Schneider Production System. - A self pre-assessment is recommended within 12 months of acquistion - A pre-assessment is required for locations within 24 months of acquisition - A regular assessment is required for locations, at a minimum, once every three years. 2. At least one SPS Assessmenet has been conducted within the past three years - The location assessment scorfe is =/> 240 points - The final report of the last assessment with action plan is posted on the SPS Intranet site. - If the location score is < 600 points it must have been audited (or planned to be audited) again within one year. 3. At least one SPS Assessmenet has been conducted within the past three years - The assessment score is =/> 600 points - The final report of the last assessment with action plan is posted on the SPS Intranet site. - The location can show evidence that the action plan from the last assessment was completed on time or is on schedule to be completed on time. 4. At least one SPS Assessmenet has been conducted within the past three years - The location assessment score is > 720 points - The final report of the last assessment with action plan is posted on the SPS Intranet site. - The location can show evidence that the action plan from the last assessment was completed on time or is on schedule to be completed on time.
A87: Mf.03 | B87: Ergonomic, Environmental & Safety standards are known, implemented and measured. The location has a documented Environmental Management System (EMS), is ISO 14000 certified, and has continuous improvement action plans running in all three areas.
B88: 1. Standard KPI's (MIR & SR & local legal requirements) are tracked. 2. The facility has a dedicated safety manager reporting to the plant manager and each manager is in charge of safety in his sector. A Health & Safety committe meets at leas 4 X per year. - There is minimally dedicated Environmental Engineer reporting to the Plant Manager or N-1 of the Plant Manager - Plant energy costs are tracked, and the 3 largest contributors to energy cost are identified. 3. The H&S committee meets monthly to set and track the company safety action plans. - An energy saving action plan exists to reduce plant energy costs. - Standard KPI's (MIR, SR & local legal requirements) are in continuous improvement over the past 12 months. - Local personnel (Engineers or Safety Engineers) have been trained and are familiar with the S.E. Ergonomics Handbook. - The facitlity is ISO 14000 certified. 4. H & S management system is formalized. H & S Committee meets monthly and regular audits are conducted monthly - action plan are led by each manager. - The energy action plan is yielding positive results and identifiable savings. - MIR is tracked & root cause analysis done to take corrective action.
A89: Mf.04 | B89: Short Interval Management and cross functional status reviews are implemented. Standardized performance and workload estimation / measurement are defined and in place for all employees. There is a measured and managed balance between objectives and resources.
B90: 1. Short Interval Management Cycles 1 & 2 are implemented for the manufacturing or distribution center operations floor. - There area daily SIM meetings, regularly held, in small groups or by work cell, around a SIM Cycle 1 board. 2. Short Interval Management Cycles 1 & 2 are deployed across the entire location. SIM Cycles 3, 4 and 5 have begun but are not yet efficient or regular 3. Short Interval Management Cycles 1, 2, 3, 4 & 5 are fully deployed - SIM Cycles 1 & 2 cover safety & health, quality, service, barriers, and employee suggestions - SIM Cycle 2 is attended by a representative from each functional support area, notes are taken, actions assigned, minutes available. Issues from Cycle 1 are escalated to Cycle 2 and can be followed upward. - SIM cycle 3: Operations and Functional Managers walk the production floor on a regular basis. - SIM cycle 4 & 5 are regularly scheduled (same day, same time, each week) and attended 4. All SIM cycles are fully deployed in operations and support. - look for SIM board and SIM meeting in operations and office departments - All MBC employees have calendars and "to do" lists. - All MBC employees plan and measure their time spent, their personal "red / green"
A91: Mf.05 | B91: The location utilizes Value Stream Management: first as a communication tool (to define baselines) then to identify opportunities for improvement and later to validate success. The location uses Value Stream Management to provide a strategic view of activities, escalated barrieres and "top down" initiatives and utilizes the appropriate tools from Lean and Six Sigma for root cause analysis and action that drives continuous improvement.
B92: 1. The location has been trained in the SPS LEI (Lean Enterprise Institute) version of VSM. Current state value stream maps created and used as a communication tool to document the current state. PLT (Production Lead Time) and PT (Process Time) are correctly calculated. 8D methodology is known and used. 2. Critical processes have current and future state Value Stream Maps which are used to identify opportunities for improvement. All salaried (MBC personnel) have been trained in 8D. 8D and Six Sigma (variation) and Lean (process) are applied where appropriate. - There is six sigma support (Black Belt)n either on site or from the supporting central team, for the facility actively dedicated to improvement projects and analysis. - There is Lean Expertise in the plant dedicated to the deployment of the SPS 3. The Plant Manager is the project sponsor for Six Sigma projects, Lean Kaizen events and TPM implementation - There is a combination of Lean and Six Sigma GB's actively working on continuous improvement projects, 1 for each 100 total employees. - The concept of Total Productive Maintenance is known and progress plans running. - All active Six Sigma Belts have been trained in Lean Kaizen methodology and can facilitate a kaizen event. 4. Value stream mapping is fully deployed and is the basis for improvement projects in operations and office functions. - Total Productive Maintenance is well deployed and there is evidence of continuous improvement in OEE. - Several 6 Sigma and / or Kaizen events are conducted within the year. 6 sigma result are challenged (average project duration < 6 months). - Value Stream Management is mature. At least 3 complete value stream cycles have been completed in operations areas. At least one complete value stream cycle has been completed in office and functional areas. - Extended Value Stream Mapping is understood and has been applied to some critical flows.
A93: Mf.06 | B93: The Quality Dashboard is reviewed weekly for any corrective action plan decision. Internal Quality KPI's or issues are addressed daily through Short Interval Management. A Customer Complaint Management Process (CCMP) exists, with a process owner. Customer Complaints are reviewed daily by the location Manager. Plant Return Rate (PRR) and Customer Service is tracked and reviewed on a regular basis, resolved and addressed with action plans that eliminate re-occurrence. Non Quality Costs are measured and analysed for action. The site is ISO 90001 certified.
B94: 1. There is a formal Schneider Customer Complaint Management Process (CCMP), the Schneider Claims management Process in known and followed, the Plant Return Rate (PRR) and On Time Deliver to Customer door (OTDC) are tracked calculated to the corporate definition. 2. Customer issues are discussed at least weekly in SIM Cycle 5. PRR is reviewed monthly, recorded in ONE reporting and corrective actions identified for each customer complaint. 3. The location has evidence of the top customer issues over past 24 months with solid corrective action plans to address issues. Minimal repeat issues with same customer. Evidence of effective PRR corrective actions. The PRR metric is better than the objective over the past 6 months and has improving trend for the last 12 months. Use of a Paynter chart shows repeat issues are infrequent. On Time Delivery Metrics show a positive trend over the past 12 months. 4. PRR is better than the objective over the past 12 months and has an improvement trend over past 24-36 months. Use of Paynter chart shows evidence of Zero repeat issues. On Time Delivery metric is in continuous improvement over the past 18 months.
A95: Mf.07 | B95: Supplier management is included in the Quality process, using SSQM tools.
B96: 1. Attribute / Visual incoming inspection for some supplies is documented - Non conformance rate metrics tracked for all suppliers - DPM Key Performance Indicators are implemented and calculated to corporate definition 2. SAM & SQM implemented respectively for some targeted suppliers and supplies - Attribute / measurement incoming inspection is implemented (in accordance with the SE Incoming Inspection Rules) as a minimum - Audits of critical part/component supplier manufacturing processes are planned every year but also achieved when necessary. 3. SAM and SQM implemented respectively for all targeted suppliers and components - Containment, corrective and preventive actions on Supplier issues are systematic and on time through 8D - Action plans developed with the 5 worst suppliers with respect to quality performance 4. DPM Key Performance Indicators show a sustained improvement over the last 12 months - Supplier Performance Module (SPM) fully implemented for critical suppliers which are challenged and evaluated on their quality improvement plans
A97: Mf.08 | B97: Capacity is in place to deliver 20% over peak forecast monthly demand, CAMA and CORIM (internal and external capacity) are measured. Production & procurement are managed in a “pull” mode system (according to real customer demand)
B98: 1. Capacity is documented and known for each cell or sector. There is an awareness of what is Single Piece Flow and some architecure to facilitate this is in place. 2. Capacity is known for each workstation: Time Traps (Bottlenecks) are known for each cell / sector. The bottlenecks are visually defined in the workplace. There is a capacity planning tool in place for each product assembly line (CAMA). Production moves in single piece flow or controlled lot sizes. There is no evidence of uncontrolled WIP in manufacturing. 3. Capacity Analysis has been performed with the appropriate tools (CAMA for product assembly lines and CORIM for tools or molds including outside tools or molds). The "rules" for calculating capacity based on Opening Time for workshops of 2 shifts for manual assembly (including ETO & cabling), 3 shifts for automated assembly are followed. The capacity in place meets the SPS Guidlines. Production is clearly pulled from assembly step to assembly step. 4. There have been no customer service issues due to capacity issues over the past 18 months. Sub-assemblies are pulled or incorporated in to the assembly cells. No sub-assemblies or molded parts (for internal use) are built to stock.
A99: Mf.09 | B99: The Bill of Material (BoM) is updated on a regular basis, the BoM from R&D is communicated to manufacturing. Segregation of Duties on the BoM update: only a limited number of independent persons have access to "change" rights in the BoM.
B100: 1. There is no explicit process from R&D for communication of BOM modification. The process owner and a process are defined to maintain BOM (Bill of Material) 2. There is a process from R&D for communication of BOM modification (at this level, this may not permit anticipation of purchases and stock management of old and new components). - Updates in the system may not always be done in a timely maner. - Access to "change" rights in the BOM are widely shared, or assigned to persons non independant from purchasing / producing 3. There is a clear process from R&D for communication of BOM modification, allowing anticipation of purchases and stock management (old and new components). - Updates to the system are done on a timely manner. There is a daily data cycle management process based on discrepancy reports generated by the ERP (examples are in Oracle, SAP, Bridge) - There is a Master Data Manager or Specialist who has full reponsibility to assure that Bills of Material are up to date and that when discrepancies are found, they are immediately fixed. - Only a limited number of independant persons have access to "change" rights in the BOM. 4. There is a regular review of BOM changes in the system and the plant can demonstrate that material scrap due to BOM changes is minimal. The Manufacturing Defect Rate (MDR) is not negatively impacted by BOM changes and there are no customer complaints due to incorrect BOM's. The plant takes preventive action and makes random audits of some BOMs on a regular basis.
...

Sheet KICs Rating (2)
B1: ALL | K1: ALL
I2: #NA
B3: HFM Code | C3: =Identity!E4 -> 0 | I3: 1 | K3: =Identity!C47&" "&Identity!E47 -> Sales & Marketing 2
B4: Name of the Entity | C4: =Identity!E6 -> 0 | I4: 2 | K4: =Identity!C48&" "&Identity!E48 -> Purchasing 3
I5: 3 | K5: =Identity!C49&" "&Identity!E49 -> Manufacturing 4
A6: people | B6: Control Environment | D6: Rating | E6: Efficiency | F6: Control description | G6: Attachment | I6: 4 | K6: =Identity!C50&" "&Identity!E50 -> Logistics 5
A7: =Identity!$C$46&" "&Identity!$E$46 -> Control Environment 1 | B7: CE.01 | C7: Wording and Notation Guide lines have been revised, Risk assessment and Progress Plan templates provided. Please revise rating and description accordingly Our Principles of Responsibility are widely communicated to the employees in the local language(s). The General Manager of the entity is implementing a progress plan in order to ensure the PoR are respected. | K7: =Identity!C51&" "&Identity!E51 -> Customer Projects Execution 6
A8: =Identity!$C$46&" "&Identity!$E$46 -> Control Environment 1 | C8: 1 - One or more of the points needed for rating 2 is missing 2 - The Group Principles of responsibility have been communicated to all employees in the entity. The Group Principles of Responsibility have been translated in local language(s) ), when relevant All new employees receive a copy of the PoR A PoR clause is included in all new employment contracts PoR have been included as part of the induction or training program 3 - in addition: A formal Risk Assessment has been completed at the country level A PoR Progress Plan has been prepared at the country level Both the Risk Assessment and the PoR Progress Plan are reviewed at least annually There is a link on the local Intranet to the PoR on the Corporate PoR Intranet 4 - in addition: The PoR Progress Plan is reviewed at least quarterly Your local Intranet Home Page includes a link to specific local ethical examples | K8: =Identity!C52&" "&Identity!E52 -> R&D 7
A9: =Identity!$C$46&" "&Identity!$E$46 -> Control Environment 1 | B9: CE.02 | C9: Wording and Notation Guide lines have been revised, Template completed with Solutions rules. Please complete CoA, revise rating and description accordingly A Chart of Authority exists and is communicated, defining the level of approbation required for the main operations of the entity (at least 53 business decisions listed in attachment). | K9: =Identity!C53&" "&Identity!E53 -> HR 8
A10: =Identity!$C$46&" "&Identity!$E$46 -> Control Environment 1 | C10: 2 - a Chart of Authority (CoA) is defined, for the main operations of the entity (at least 53 business decisions listed in attachment) 3 - in addition: - The limits set in the CoA have been instructed or approved by the hierarchy or the Head of Management Entity. - The CoA defines approval flow for each business decision, mentioning approving positions. - The CoA communicated to all Managerial levels at each release. - The nominative list of people occupying the positions mentioned in the CoA updated with every personal move (in, out, internal move). 4 - in addition - The successive versions of the nominative list are filed for 5 years & can be retrieved upon a posteriori control. - In case of absence of an approver, a process is defined for day to day decisions, and a formal temporary delegation is formalized and filed for main approvers' long absence - Yearly, a random control is performed to check the CoA is strictly applied | K10: =Identity!C54&" "&Identity!E54 -> IT 9
A11: =Identity!$C$46&" "&Identity!$E$46 -> Control Environment 1 | B11: CE.03 | C11: Notation Guide lines have been revised, SoD matrix has been completed. Please revise Matrix, rating and description accordingly Duties are properly segregated between employees. A Segregation of Duties (SoD) analysis is performed and formalized in order to emphasize potential risk areas where mitigating controls (reviews, log analysis …) are then implemented. | K11: =Identity!C55&" "&Identity!E55 -> Accounting 10
A12: =Identity!$C$46&" "&Identity!$E$46 -> Control Environment 1 | C12: 1 - One or more of the points needed for rating 2 is missing 2 - The SoD Matrix is drawn for each person performing Purchasing/Procurement, Finance, Sales operations, using the Group SoD Matrix. The SoD Matrix shows no high SoD risks in Purchasing/Procurement, Finance, Sales operations, OR mitigating controls are defined and implemented for those high conflicts. 3 - in addition: The SoD Matrix is drawn for each person performing Payroll/HR, Inventory, IT operations using the Group SoD Matrix. The SoD Matrix shows no high SoD risks in Payroll/HR, Inventory, IT operations , OR mitigating controls are defined and implemented for those high conflicts. The SOD matrix has been reviewed less than 2 years ago. 4 - in addition: The SoD Matrix is drawn for each person performing any operation in the entity, using the Group SoD Matrix. The SoD Matrix shows no high SoD risks in any operation, OR mitigating controls are defined and implemented for those high conflicts. There is a process to review the SoD matrix once a year. Twice a year, a random control is perfomed to check the mitigating controls are properly implemented | K12: =Identity!C56&" "&Identity!E56 -> Controlling 11
A13: =Identity!$C$46&" "&Identity!$E$46 -> Control Environment 1 | B13: CE.041 | C13: Applicable to all sites, including Joint Ventures - A risk assessment is performed, updated yearly and reported: Risks which could impact your organization are identified Buildings, equipment, processes, functions which would be adversely impacted by those risks are identified The impact on Local and Group results and reputation is assessed - Solutions for reducing such impact are developed | K13: =Identity!C57&" "&Identity!E57 -> Tax & Legal 12
A14: =Identity!$C$46&" "&Identity!$E$46 -> Control Environment 1 | C14: 1- Nothing is done 2-All potential man-made hazards (fire, theft, vehicle impact, fraud, vandalism,…) or natural disasters (flood, earthquake, lightning,…) are identified -All elements on site which could be adversely impacted are identified (buildings, equipment, process, functions, documents ,…) -The risk assessment is updated yearly 3- In addition, -All elements off-site which could be adversely impacted are identified -The consequences on the site activity are described and measured -All key functions (production, maintenance, finance, human resources, quality, crisis management,…) and the crisis management team are involved in the risk analysis -The risk assessment is updated at each significant change in the environment and/or organization of the site 4- In addition, Solutions are developed to prevent and/or reduce the risks having the most negative impact -All potential economical perils ( strikes, inflation, change in regulations, loss of key suppliers,…) are identified -The overall impact on the Group results or reputation is identified and reported to upper level -The risk assessment results are reported to management | K14: =Identity!C58&" "&Identity!E58 -> Cash 13
A15: =Identity!$C$46&" "&Identity!$E$46 -> Control Environment 1 | B15: CE.042 | C15: Former KICs Business Continuity Plan has been split Applicable to all entities, including Joint Ventures Crisis Management preparedness plan does exist for the entity. It is regularly updated and all concerned managers are aware about it. A Business Continuity Plan (BCP) does exist for “Pandemic” conditions (high level of absenteeism). It is regularly updated, safely stored and all concerned managers know it. | K15: =Identity!C59&" "&Identity!E59 -> Credit 14
A16: =Identity!$C$46&" "&Identity!$E$46 -> Control Environment 1 | C16: 1- Nothing is done 2- A Crisis Management preparedness plan can be provided for the entity. 3- In addition, -A BCP “Pandemic” can be provided for the entity. -The BCP « Pandemic » is stored in the Corporate Global BCM database 4 In addition, -The Crisis Management preparedness plan has been updated less than 2 years ago -The BCP “Pandemic” has been updated less than 2 years ago. - The last Crisis Management or BCP exercise was held under 3 years. | K16: =Identity!C60&" "&Identity!E60
A17: =Identity!$C$46&" "&Identity!$E$46 -> Control Environment 1 | B17: CE.043 | C17: Former KIC BCP has been split For the sites identified in the scope, an Industrial BCP exists, is deployed, maintained and tested, The BCP is available in local language & English, easily accessible and saved in the dedicated central database
A18: =Identity!$C$46&" "&Identity!$E$46 -> Control Environment 1 | C18: 1- An action plan to mitigate against major risks is defined & followed 2- A business impact analysis determines continuity & recovery objectives for critical activities including local IT. (recovery time objective, maximum acceptable outage) - An Industrial Business Continuity Plan exists -The BCP is updated at least yearly . Update is traceable, available & adequately protected. 3- In addition - The BCP is available in local language & English -The BCP including local IT BIA is stored on the dedicated BCM server (https://sitebcm.org) & crisis management team is able to easily access & retrieve it (Internet access only required) -A communication plan to develop business continuity culture & awareness is performed 4- In addition, - Training, exercises & tests are conducted at planned intervals - BCP is monitored & evaluated (internal audits, management reviews ..), Lessons from exercises & actual incidents are reviewed
A19: =Identity!$C$46&" "&Identity!$E$46 -> Control Environment 1 | B19: CE.05 | C19: Retention of documents, records (including computer programs and data files): clear guidelines exist and are applied, in line with local regulations and business requirements for each process. Transfer Prices computation and relating documentation: retention period is 10years.
C20: 1 - There is no retention policy 2 - There are retention policies in the different departments, yet - they are not formalized - or if formalized, they are not gathered in one single policy for the entity - or some are not properly implemented 3 - A global retention policy is written for all domains concerned (legal, sales, accounting, taxes, quality etc…) and communicated. It is in line minimum with group requirements in terms of retention periods where there is a group requirement, and it is in line minimum with local regulatory requirements. Each concerned function implement it properly. 4 - A global retention policy is written for all domains concerned (legal, sales, accounting, taxes, quality etc…) and communicated. It is in line minimum with group requirements in terms of retention periods where there is a group requirement, and it is in line minimum with local regulatory requirements. Each concerned function implement it properly. There is a yearly process to review and adapt (if necessary) the policy (legal + Finance)
B21: Offer Creation Process
B22: OCP.01 | C22: Anticipation: A formalized process for ideas priorization is implemented, based upon shared business criteria and performed by a multi-fonctions team of managers. The Core business process Offer & Technology Management (OTM) fuels the project engine machine by: - studying market and customer - anticipating technologies - defining the strategy of offer development - planning solution & products roadmap and resulting projects opening through a priorization process.
C23: 1 - No formalized process for ideas prioritization; 2 - Collecting of ideas is organized, but ranking and selecting are not based upon shared business criteria and/or not performed by a multi-functions team of managers 3 - Formalized process for ideas prioritization is implemented, based upon shared business criteria and performed by a multi-functions team of managers 4 - Full usage of SPoT Strategic Portfolio Management system for Ideas prioritization
B24: OCP.02 | C24: Anticipation: Opening of major project is secured by a "30mn to convince step. 30mn to convince step includes: 1 - alignment: is the project an opportunity of obligation for = S =. 2 - Customer values: why the project is attractive to the maket, and how it addresses the customer' needs 3 - Risks: why the project is ready for opening according to the risks identified 4 - Resources & Skills: why the project is ready for opening according to ressources availability
C25: 1 - No 30' to convince usage 2 - 30' to convince used on some "New" type projects 3 - 30' to convince used systematically on all elected "New" type projects according to the Chart of Authority, in a dedicated pluri-disciplinary committee
B26: OCP.03 | C26: Execution: Projects risks and mitigation plans are systematically followed-up
C27: 1 - No formal Risk Assessment with a Risk Register 2 - Risk Assessment performed on major projects with a Risk Register 3 - Risk Assessment performed on major projects with a Risk Register updated at least before each Stage Gate and presented to the PSC 4 - Risk Assessment performed on all projects with a Risk Register updated at least before each Stage Gate and presented to the PSC
B28: OCP.04 | C28: Execution: A project contract book is shared and formally approved at <Do>. Contract book including all or part of the following items, according to project context: - Finalize project management plan with regard to project scope, organization, cost, schedule, risk and quality management - Dig into the risk status, to measure the feasibility and the viability on the market place and check there is no critical issue - Complete product & system requirements and finalize design, supply chain and quality specifications and list of Consistency Rules to be applied for the product - Prepare test strategy including validation plan (field tests, certification, ...) and verification plan - Finalize project financial assessment (BCFE) - Prepare industrial locations and supply chain organization - Prepare design resource center allocation - Get countries commitments to support launch and sales - Push Country Offer Introduction Process (COIN) initiation in countries
C29: 1 - No formal Contract book is done 2 - Informal Contract book is presented and/or not for all projects 3 - Standard and formal Contract book is presented, decision is made by managers within Steering Committee defined at <Open> 4 - Teams have a clear sense of commitment associated with the objectives defined in the contract book, and their performances are measured accordingly.
B30: OCP.05 | C30: Execution: Supplier selection process is shared and formally approved - supplier mapping which lists pre-selected suppliers is formalized, shared with the project team and with the commodity management for the Do decision - supplier allocation is formalized and OCP concentration report with K&C suppliers is performed for the Implement decision
C31: 1 : No formal supplier mapping & OCP concentration report 2 : Supplier mapping & OCP concentration report are performed on major projects only, 3 : Supplier mapping & OCP concentration report are performed on all projects 4 : Supplier mapping & OCP concentration report are performed on all projects and OCP concentration report is updated every quarter
B32: OCP.06 | C32: Execution: Product Evolution Process (PEP) consistency within OCP : Every product definition file must be transferred at the end of the Project Management Process (PMP) between the PRODUCE Stage Gate and the CLOSE. The Continuous Engineering team must be trained and the first request coming from the PMP team must be entered into the standard PEP project management tool (see intranet for details). For any subsitution project in PMP a Product Withdrawal Process (PWP) must be synchronized.
C33: 1 : No formal links between PMP, PEP and PWP 2 : No transfer of product file in PEP during SELL of PMP, no PWP initiated for substitution project in PMP 3 : Transfer from PMP to PEP is formal and the hand off is documented 4 : Transfer from PMP to PEP and links between PMP and PWP is planned and tracked. The TEMPO project management tool is used to enter the initial PMP request into PEP.
B34: OCP.07 | C34: Execution: Manufacturing Plants involvement : Manufacturing plants have an important role within the PEP. They are involved before DO in order to be sure that DO decision is done with all information, including the effective date. And they participate to every stage gates
C35: 1 : No visibility about readiness of Manufacturing plants on PCE portfolio. 2 : Manufacturing plants commit on effectivity date at DO or participate to the SELL Stage Gates 3 : Manufacturing plants commit on effectivity date at DO and participate to the SELL Stage Gates 4 : Manufacturing plants commit on effectivity date at DO and participate to the SELL and CLOSE Stage Gates
B36: OCP.08 | C36: Execution: Agreement on Launches between Businesses (BU) and Major countries: Businesses and Countries have to find an agreement when launching a new offer. CoLa is the standardized information system to systematize and structure this dialog between a Business and its major Countries.
C37: 1 - BU and Countries usually do not share written forecast about new launches 2 - BU and Countries usually share forecasts about new Launches; forecasts may not be validated by management; scope and format of forecasts are free. For organizations using CoLa, the Countries commitment rate (KPI #5) should be at least 50%. 3 - Forecasts from Countries are approved by Country management, and are consolidated at project level in BU. The organization uses CoLa, and the Countries reply rate (KPI #5) should be at least 75%. 4 - Agreements with countries are formalized and committed by Country managers. Commitments (or gaps) are used to drive project decisions (Go/NoGo, specific actions plans, etc.) and impact the project objectives at the DO decision. In CoLa, the rate of agreements confirmed for the entity (KPI#6) should be at least 75%.
B38: OCP.09 | C38: Monitoring: Project Portfolio reviews are regularly performed Resource allocation on projects, time deviation & projects synchronization are regularly reviewed by BU Management meeting in order to arbitrate between projects
C39: 1 - No formalized and single portfolio 2 - Single portfolio exists and is regularly updated, but no arbitration through dedicated committee 3 - Single portfolio exists, regularly updated, and arbitration through dedicated committee is systematically performed 4 - Full usage of SPoT system for Business Reviews and/or Projects/Portfolio Reviews
B40: OCP.10 | C40: Monitoring: Projects profitability is regularly followed-up Through Return On Investment (ROI)
C41: 1 - No ROI analysis on projects 2 - ROI on some projects 3 - ROI systematic on all projects, updated at DO and SELL 4 - ROI systematic on all projects, updated at each stage gate. ROI evolution is recorded and analysed 3 years after launch and used to fix new project ROI target
B42: OCP.11 | C42: Monitoring: there are formalised Projects stage gates crossing. A cross functional managerial team (Product/Project Steering Committee) is available and makes decisions on drifts from committments (What, When, How much ?) and risks
C43: 1 - No Steering Committee to make stage gate decision on each project 2 - One single dedicated Steering Committee to make stage gate decision on each project, but with limited traceability on stage gate crossing 3 - One single Steering Committee on each project, with systematic follow-up of each stage gate crossing 4 - Full usage of SCAN system
B44: OCP.12 | C44: Monitoring: Projects Manager & Projects Team responsibility: A transverse project leader has been appointed to drive (*) the projects. Cross functional project team is available. Project plan is tailored to actual stakes and risks (*) The "Project Manager" is accountable for ensuring that the project meets its goals for customer satisfaction & quality, time to market, development expenses and product costs.
C45: 1 - No project leader and / or limited project team representation 2 - Project leader available but attached to a function and not really accountable for all project objectives 3 - Transverse Project leader and fully representative cross functional project team are available 4 - In addition to S3 level, Project plan systematically reviewed and tailored to project context and risks
B46: OCP.13 | C46: Monitoring: Board of Changes efficiency The Board of change is the committee in charge of the PEP. It must be cross-functional including the Manufacturing Plants rep, and must regularly meet in order to make the right decision at the right time about project of evolution
C47: 1 : BOC does not exist 2 : BOC exists : but some functional representatives are missing or stage gate reviews are not discussed 3 : BOC exists : all functional representatives attend and stage gates are crossed with review of deliverables 4 : BOC exists as in level S3 and some additional committees or actions exist in order to anticipate projects
B48: OCP.14 | C48: Monitoring: Customer informed about Products Evolution : If a significant impact for customers is identified, then an appropriate information is provided to the customer information process in order to be broadcasted to the final customers
C49: 1 : No customer impact assessment and no information 2 : Customer impact is assessed, but information either not comprehensive or not on time 3 : Information is comprehensive and on time for PEP and PWP 4 : Information is comprehensive and on time for PEP and PWP and published on Pl@net
B50: OCP.15 | C50: IT data security: The assessment of internal control on the IT process of the entity (KICs IT.01 to IT.13) has been performed taking into consideration all IT means, tools and data specific to R&D activities. In addition, all sensitive (company confidential) R&D related data are protected and only accessible to the rightful users.
C51: 1. The IT KICs have not been completed, or the R&D full scope of means, tools or data has not been considered. 2. The IT KICs have been completed considering R&D OCP scope, but sensitive data protection scheme is not fully implemented. 3. ALL IT KICs have been answered considering R&D Scope and assessed to level 3 or 4 when applicable, and sensitive data protection scheme is fully implemented.
B52: OCP.16 | C52: Intellectual property protection process is in place, defining for each relating subject the decision criterias and the decision makers: - Ideas collection and selection - Creativity sessions and Patent idea workshops at the beginning of the project to file patents on all possible alternatives and build a fence of patents. - Local Patents Validation Committee for patenting decision - Geographical extensions and Reward
C53: 1 - There is no process for intellectual property protection 2 - There is a process in place for intellectual property protection for patenting decision and geographical extension, but either decision criterias or decision makers are not defined. 3 - There is a process in place for intellectual property protection for patenting decision and geographical extension, and decision criterias and decision makers are defined. 4 - There is a process in place for intellectual property protection, including all items above (ideas collection and selection, creativity sessions and patent ideas workshops, decision for patenting including geographical extension), with clear decision criterias and decision makers defined. In addition, a reward process is in place.
B54: Sales & Marketing
B55: SM.01 | C55: Commercial policy, for both Products and Project/Solutions sales, is written, implemented, and communicated internally and externally, to relevant recipients with relevant data. The Commercial policy for Projects/Solutions sales is written, implemented, communicated specifically for Contractors and End Users. It encompasses, at least, business rules / guidelines for contract construction (payment terms, warranty coverage, complaint process) and an internal process for contract approvals based on a delegation of authority matrix
C56: 1 - Products OR Projects commercial policy falls under following Products: There is no written internal document describing the commercial policy and/or three or more of the following items are missing: Customer Support Center, Commercial Logistic offer, Customer training offer, customer complaint process, standard discount rules, special discount process, payment terms, complete General sales conditions (refer to 15 items to be covered within reference document) Projects/Solutions: There are no written policy guidelines for constructing a contract and no written delegation of authority policy for accepting or not critical commitments for contractors and/or end users 2 - Products OR Projects commercial policy falls under following Products: There is a written internal document (or several documents are existing) describing the commercial policy but some channels (representing more than 10% of sales) and/or not more than two of the following items are missing: Customer Support Center, Commercial Logistic offer, Customer training offer, customer complaint process, standard discount rules, special discount process, payment terms, complete General sales conditions (refer to 15 items to be covered within reference document). Projects/Solutions: There is a written document for contractors and end users with delegation of authority matrix policy for contract approval. 3 - Products AND Projects commercial policy falls under following Products: There is a written internal document (or there are several documents) describing the commercial policy, all channels over 10% of turnover are covered, maximum one of these items is missing and/or is incomplete: Customer Support Center, Commercial Logistic offer, Customer training offer, customer complaint process, standard discount rules, special discount process, payment terms, complete General sales conditions (refer to 15 items to be covered within reference document). Projects/Solutions: There is a written document for contractors and end users with delegation of authority matrix policy for contract approval. And the target solution segments are defined and aligned with the group target segments as well as the target customers defined within those segments. 4 - Products AND Projects commercial policy falls under following Products: There is one written internal document describing the commercial policy, all channels are addressed; none of the following items is missing: Customer Support Center, Commercial Logistic offer, Customer training offer, customer complaint process, standard discount rules, special discount process, payment terms, complete General sales conditions (refer to 15 items to be covered within reference document). Marketing & Sales teams know and apply the Commercial policy. There are extracts documents for external communication to customer. Projects/Solutions: There is a written document for contractors and end users with delegation of authority matrix policy for contract approval.
B57: SM.02 | C57: List price uploading in the system is done and reviewed independently for accuracy and consistency (refer to document attached for examples). Reports extracted from the system comprising all changes made to pricing data within a period are reviewed by an independent person regularly. Access to modify price list is strictly restricted in the system, and the persons designated to create/ change prices are not able to create orders.
C58: 1 - No control on list price uploading performed - Access to modify price list is extended to many (over 50) people including people having the possibility to create/change orders. 2 - Basic control are made (a posteriori check of a sample of prices) but by the same people that uploaded the list. - Access to modify price list is limited to few people but some of them have possibility to creat/change orders orders. 3 - Extensive control of accuracy (comparing for a large number of prices) are made by different people than those uploading or modifying the price list. - Access to modify price list is strictly restricted in the system, and the persons designated to create/ change prices are not able to create orders. 4 - Extensive control of accuracy are made by different people than those uploading or modifying the price list. Reports extracted from the system comprising all changes made to pricing data within a period are available and are reviewed by an independent person regularly. - Access to modify price list is strictly restricted in the system, and the persons designated to create/ change prices are not able to create/change orders. Persons designated to create/ change prices are not related to the same hierarchy line that those creating/changing orders.
B59: SM.03 | C59: Additional discounts are controlled at order intake level in accordance with Chart of Authority. Standardized documentation to evidence management approval is used for all additional discounts and net prices.
C60: 1 - No process to control and approve discounts and net prices granted by sales forces on the field at order booking stage 2 - Process defines thresholds and related standardized documents to evidence management approval according to the Chart of Authority at order booking stage. Yet, in practice, documentation of approval not always available. 3 - Process defines thresholds and related standardized documents to evidence management approval according to the Chart of Authority at order booking stage. In practice, documentation of approval is always available. 4 - Process defines thresholds and related standardized documents to evidence management approval according to the Chart of Authority at order booking stage. Practices are compliant and filled information demonstrate through periodic controls consistent and sound detail level. An analysis is made based on those documents to monitor reasons and draw conclusions / action plans.
B61: SM.04 | C61: Notation Guidelines slightly modified - please revise rating and description accordingly Order cancellation process is monitored on a monthly basis. Ageing and cleaning of the backlog is performed monthly.
C62: 1 - Order cancellation is possible without approval process, OR No analysis of backlog ageing or no regular cleaning 2 - Order cancellation is possible only after approval process but with no further analysis, OR Analysis of ageing backlog and/or cleaning are made under management request 3 - Order cancellation is possible only after approval process. Analysis of cancellations are basic (only for stock management) AND Analysis of ageing backlog is made monthly. All delayed orders are analyzed and extensive cleaning is made. 4 - Order cancellation is possible only after approval process. Analysis of cancellations is exhaustive by Root causes and conclusions drawn (notably for stock management) AND Analysis of ageing backlog is made monthly. All delayed orders are analyzed and extensive cleaning is made. Root causes of existence of delayed orders are analyzed and continuous improvement objective are set to avoid repetition.
B63: SM.05 | C63: Notation Guidelines slightly modified - please revise rating and description accordingly Customers bonuses/ rebates are clearly documented in formalized agreements and/or contracts and they are properly controlled (calculation is done in coordination between Sales and Finance, in accordance with the contracts signed).
C64: 1 - There is no clear document defining at the beginning of the period percentage, trigger, base of calculation, condition of payment. 2 - There are documents defining at the beginning of the period percentage, trigger, base of calculation, condition of payment but actual bonuses/rebates are not aligned with rules defined in documents (payment without achieving targets for instance with no justifying documentation). 3 - There are agreements defining at the beginning of the period percentage, trigger, base of calculation, condition of payment and actual bonuses/rebates are globally aligned with rules defined in agreements. Exceptions are properly documented. Contracts are signed by the customers, and internally according to defined approval process. 4 - There are agreements. defining at the beginning of the period percentage, trigger, base of calculation, condition of payment and actual bonuses/rebates are systematically aligned with rules defined in agreements. Exceptions are properly documented. Contracts are signed by the customers, and internally according to defined approval process . Calculation is done in coordination with Finance.
B65: SM.06 | C65: COIN (Country Offer Introduction process) ownership, execution and follow-up .- A person is responsible for deploying, supporting and continuously improving the offer introduction process in the organization. .- A standard tool is available to guide the process execution. .- Managers have formalized the support and follow up of the process through project reviews. COIN is the standardized country process to support offers introductions, increasing efficiency (speed and quality) and enhancing coordination between Business Departments and Countries
C66: 1 - No owner and no standard tool exist. 2 - Owner is named, but not standard tool exist or is followed consistently. 3 - Owner is named, a COIN standard tool exists, all Strategic, Major and more than 25% of Evolutions offer introductions are done using the tool, and managerial follow up is in place. 4 - Owner named, COIN standard tool exists, tool maintenance/improvement process is in place, and COIN execution and offer introduction roadmap follow up are formalized as part of management team tasks, and all Strategic, Major and more than 50% of Evolutions offer introductions are planned using the standard tool.
B67: Purchasing
B68: PU.01 | C68: Our "Principles of Responsibility" are communicated and explained to the purchasing function (http://aafr0252.fr.schneider-electric.com/Global/devdur/en/HTML.nsf/pages/Our_Principles_of_responsibility) Purchasing Ethics and Obligation as described in Purchasing procedure D-HACO-M1-3 are known and commented to the purchasing function
C69: 1 - Group Principles of Responsibility have not been formally communicated in the entity - Or implementation process does not integrate a compliance check with local laws - Or Our PoR are not included in new hires contracts Or Purchasing Ethics and Obligation as described in Purchasing procedure D-HACO-M1-3 have not been communicated to the purchasing function 2 –Our Principles of Responsibility have formally been communicated within the entity, Our PoR have been reviewed by Legal dept., are supplemented with local obligations where needed - New employees receive a hard copy of Our PoR and a Clause is added in employment contract AND the Purchasing Ethics and Obligation procedure has been formally communicated and commented to the Purchasing people 3 - In addition to rating 2: - The communication of PoR & D-HACO-M1-3 Procedure are done at least once a year. 4 - 3 + a progress plan is in place and regularly reviewed
B70: PU.02 | C70: We pay a great attention to the segregation of duties Clear segregation takes place between specification of needs and Purchasing process Purchase Order is matched with Purchase Request and properly approved 3-way matching is performed among Purchase Order, Goods Receipt and Invoice prior to payment
C71: 1: There is no formal process to ensure effectives segregation of duties 2: There is a formal process to ensure effective segregation of duties, but it is not systematically applied 3: There is a formal process to ensure effective segregation of duties and it is systematically applied - Specification of needs and purchasing process are performed by independent bodies - Purchase Order is matched with Purchase request, and properly approved - 3 way match process is performed and formalized (including escalation process, registration of invoices with issue, issues resolution) Invoices with anomalies are registered (with payment block) or accrued and there is a formalized approval process to release invoices Invoices are released timely Supplier Masterfile: there is only one centralized supplier masterfile; access is properly restricted, change are reviewed on a regular basis (at least quartely) by an independent person who does not have edit access right to the file 4: 3 + a progress plan is in place and regularly reviewed
B72: PU.03 | C72: Supplier selection is based on formal criteria and formal awarding process, systematically involving the purchasing function Supplier qualification process (as described in Purchasing procedure P-HACO-R3-1) is respected for new supplier creation before any order (for productive Suppliers)
C73: 1: Supplier selection is not based on formal criteria and formal awarding process, or Supplier qualification process is not respected for new supplier creation before any order 2: Supplier selection is based on formal criteria and formal awarding process, and Supplier qualification process is respected for new supplier creation before any order - BUT one or both processes are not systematically applied 3: Supplier selection is SYSTEMATICALLY based on formal criteria and formal awarding process, Supplier qualification process is SYSTEMATICALLY respected for new supplier creation before any order (Productive Suppliers) Vendor selection is based on formal criteria and documents are filed, Vendor is selected with Purchasing approval and decision is formally communicated to all consulted Suppliers Schneider Supplier qualification process is implemented and systematically respected before any order (for productive Suppliers) Supplier creation/update is in line with Chart of Authority 4: 3 + a progress plan is in place (e.g., adaptation of process according to type of purchase) and regularly reviewed
B74: PU.04 | C74: Suppliers performance and risk are monitored and challenged Fact based Supplier performance assessment (at least along quality, logistics, and productivity axes) and formal business reviews: with specific focus on Supplier Orientation Charts/ Recommended Suppliers Regular Supplier risk assessment (including financial health): with specific focus on monosourcing situations Follow-up improvement action plans defined with Suppliers
C75: 1: A Supplier performance & risk management process aligned with above principles is not in place 2: A Supplier performance & risk management process aligned with above principles is in place, however not systematically applied 3: A Supplier performance management process aligned with above principles is in place and systematically applied - A Supplier risk management process does exist. Fact based Supplier performance assessment (at least along quality, logistics, and productivity axes) and formal business reviews with Supplier are performed , at least yearly and for Supplier Orientation Charts/ Recommended Suppliers Follow-up improvement action plans defined with Suppliers 4: A Supplier performance & risk management process aligned with above principles is in place and systematically applied 3+ Regular Supplier risk assessment is performed (including financial health): with specific focus on monosourcing situations
B76: PU.05 | C76: Commitments with suppliers are made according to internal processes and compliant with legal obligations Chart of Authority is defined and applied A defined policy (may be a local policy) is in place to determine the usage of different legal documents with different categories of suppliers Legal documents (e.g., contract, purchase order, general terms & conditions, specific logistics / quality specifications) are properly stored and updated Legal obligations are followed
C77: 1: No proper process in place (no delegation of authority, no proper legal documents management, legal rules unknown) 2 : Proper process is in place, but not systematically applied 3 : Proper process is in place, and systematically applied - Chart of Authority is defined and applied - A defined policy (at least at local level) is in place to determine the usage of different legal documents with different categories of suppliers (contract, PO with general terms & conditions, logistic / quality specifications). Deviation from this policy is following a formal approval process (at least at local level) Related legal documents are well stored and updated if necessary Legal obligations are followed 4: 3 + a progress plan is in place and regularly reviewed with legal department
B78: PU.06 | C78: Global Supplier Data base as a key management tool for our Purchasing activities is known and used Periodic Supplier data check and cleaning actions are performed on regular basis.
C79: 1- Venus is partially known and used 2- Production suppliers - the entity is dealing with - are created into Venus / Partial information on Non Production Suppliers exists and is updated 3- All Suppliers - the entity is dealing with - are fully updated in Venus and the spend and quality performance (for Production suppliers only) are available - Data check and cleaning actions are performed on regular basis 4- 3 + a progress plan is in place and regularly reviewed
B80: PU.07 | C80: Assess when Purchase function is totally or partially performed outside the entity (Production Purchase, Non Production Purchase, Projects). Purchasing function outside the entity has been consulted and involved in the assessment of Purchasing KICs of the entity. Provide Name and Organization of consulted/involved persons.
C81: 1- Persons performing Purchasing for the entity outside the entity have not been consulted for the current assessment. 3 - Persons performing Purchasing for the entity outside the entity have been consulted for the current assessment, They have been participating in and validating the KICs rating, description and action plan if any. Their names and organizations are provided in the description of this KIC.
B82: Manufacturing
B83: Mf.01 | C83: The CST Supply Chain Policy is familiar to all managers and plant strategies are consistent with that policy.
C84: 1. The Plant Manager is aware of the Schneider Industrial Policy. - The Plant Manager either has a hard copy of the Policy or can demonstrate where to find it on the Intranet. 2. The Plant Manager can explain the strategic objectives and key orientations of the Policy. - Key Managers in the facility are aware of the Schneider Industrial Policy. - Key Managers either have a hard copy of the Policy or can demonstrate where to find it on the Intranet. 3. Key Managers can explain strategic objectives and key orientations of the Policy. - The Plant can demonstrate successful deployment of 3 of 7 orientations. 4. The Plant can demonstrate successful deployment of 5 or more of 7 orientations.
B85: Mf.02 | C85: A CST Production System Assessment has been performed within the past three years for Manufacturing locations and Distribution and Logistics locations. In addition, manufacturing locations for Equipment (CTO/ETO?) will have also performed at least on Front End Assessment within the past three years. There are three distinct SPS Assessments: 1. SPS Manufacturing Core Assessment for use in all manufacturing plants and in Adaptation Centers with greater than 40 employees. 2. SPS Distribution Center Assessment for use in all IDC, RDC, and LDC locations and Logistics Territories. 3. SPS Equipment Front End Assessment for use in all equipment CTO & ETO manufacturing locations.
C86: 1. The Location Manager and the Location Team are working to make the Location compliant with the requirements of the Schneider Production System. - A self pre-assessment is recommended within 12 months of acquistion - A pre-assessment is required for locations within 24 months of acquisition - A regular assessment is required for locations, at a minimum, once every three years. 2. At least one SPS Assessmenet has been conducted within the past three years - The location assessment scorfe is =/> 240 points - The final report of the last assessment with action plan is posted on the SPS Intranet site. - If the location score is < 600 points it must have been audited (or planned to be audited) again within one year. 3. At least one SPS Assessmenet has been conducted within the past three years - The assessment score is =/> 600 points - The final report of the last assessment with action plan is posted on the SPS Intranet site. - The location can show evidence that the action plan from the last assessment was completed on time or is on schedule to be completed on time. 4. At least one SPS Assessmenet has been conducted within the past three years - The location assessment score is > 720 points - The final report of the last assessment with action plan is posted on the SPS Intranet site. - The location can show evidence that the action plan from the last assessment was completed on time or is on schedule to be completed on time.
B87: Mf.03 | C87: Ergonomic, Environmental & Safety standards are known, implemented and measured. The location has a documented Environmental Management System (EMS), is ISO 14000 certified, and has continuous improvement action plans running in all three areas.
C88: 1. Standard KPI's (MIR & SR & local legal requirements) are tracked. 2. The facility has a dedicated safety manager reporting to the plant manager and each manager is in charge of safety in his sector. A Health & Safety committe meets at leas 4 X per year. - There is minimally dedicated Environmental Engineer reporting to the Plant Manager or N-1 of the Plant Manager - Plant energy costs are tracked, and the 3 largest contributors to energy cost are identified. 3. The H&S committee meets monthly to set and track the company safety action plans. - An energy saving action plan exists to reduce plant energy costs. - Standard KPI's (MIR, SR & local legal requirements) are in continuous improvement over the past 12 months. - Local personnel (Engineers or Safety Engineers) have been trained and are familiar with the S.E. Ergonomics Handbook. - The facitlity is ISO 14000 certified. 4. H & S management system is formalized. H & S Committee meets monthly and regular audits are conducted monthly - action plan are led by each manager. - The energy action plan is yielding positive results and identifiable savings. - MIR is tracked & root cause analysis done to take corrective action.
B89: Mf.04 | C89: Short Interval Management and cross functional status reviews are implemented. Standardized performance and workload estimation / measurement are defined and in place for all employees. There is a measured and managed balance between objectives and resources.
C90: 1. Short Interval Management Cycles 1 & 2 are implemented for the manufacturing or distribution center operations floor. - There area daily SIM meetings, regularly held, in small groups or by work cell, around a SIM Cycle 1 board. 2. Short Interval Management Cycles 1 & 2 are deployed across the entire location. SIM Cycles 3, 4 and 5 have begun but are not yet efficient or regular 3. Short Interval Management Cycles 1, 2, 3, 4 & 5 are fully deployed - SIM Cycles 1 & 2 cover safety & health, quality, service, barriers, and employee suggestions - SIM Cycle 2 is attended by a representative from each functional support area, notes are taken, actions assigned, minutes available. Issues from Cycle 1 are escalated to Cycle 2 and can be followed upward. - SIM cycle 3: Operations and Functional Managers walk the production floor on a regular basis. - SIM cycle 4 & 5 are regularly scheduled (same day, same time, each week) and attended 4. All SIM cycles are fully deployed in operations and support. - look for SIM board and SIM meeting in operations and office departments - All MBC employees have calendars and "to do" lists. - All MBC employees plan and measure their time spent, their personal "red / green"
B91: Mf.05 | C91: The location utilizes Value Stream Management: first as a communication tool (to define baselines) then to identify opportunities for improvement and later to validate success. The location uses Value Stream Management to provide a strategic view of activities, escalated barrieres and "top down" initiatives and utilizes the appropriate tools from Lean and Six Sigma for root cause analysis and action that drives continuous improvement.
C92: 1. The location has been trained in the SPS LEI (Lean Enterprise Institute) version of VSM. Current state value stream maps created and used as a communication tool to document the current state. PLT (Production Lead Time) and PT (Process Time) are correctly calculated. 8D methodology is known and used. 2. Critical processes have current and future state Value Stream Maps which are used to identify opportunities for improvement. All salaried (MBC personnel) have been trained in 8D. 8D and Six Sigma (variation) and Lean (process) are applied where appropriate. - There is six sigma support (Black Belt)n either on site or from the supporting central team, for the facility actively dedicated to improvement projects and analysis. - There is Lean Expertise in the plant dedicated to the deployment of the SPS 3. The Plant Manager is the project sponsor for Six Sigma projects, Lean Kaizen events and TPM implementation - There is a combination of Lean and Six Sigma GB's actively working on continuous improvement projects, 1 for each 100 total employees. - The concept of Total Productive Maintenance is known and progress plans running. - All active Six Sigma Belts have been trained in Lean Kaizen methodology and can facilitate a kaizen event. 4. Value stream mapping is fully deployed and is the basis for improvement projects in operations and office functions. - Total Productive Maintenance is well deployed and there is evidence of continuous improvement in OEE. - Several 6 Sigma and / or Kaizen events are conducted within the year. 6 sigma result are challenged (average project duration < 6 months). - Value Stream Management is mature. At least 3 complete value stream cycles have been completed in operations areas. At least one complete value stream cycle has been completed in office and functional areas. - Extended Value Stream Mapping is understood and has been applied to some critical flows.
B93: Mf.06 | C93: The Quality Dashboard is reviewed weekly for any corrective action plan decision. Internal Quality KPI's or issues are addressed daily through Short Interval Management. A Customer Complaint Management Process (CCMP) exists, with a process owner. Customer Complaints are reviewed daily by the location Manager. Plant Return Rate (PRR) and Customer Service is tracked and reviewed on a regular basis, resolved and addressed with action plans that eliminate re-occurrence. Non Quality Costs are measured and analysed for action. The site is ISO 90001 certified.
C94: 1. There is a formal Schneider Customer Complaint Management Process (CCMP), the Schneider Claims management Process in known and followed, the Plant Return Rate (PRR) and On Time Deliver to Customer door (OTDC) are tracked calculated to the corporate definition. 2. Customer issues are discussed at least weekly in SIM Cycle 5. PRR is reviewed monthly, recorded in ONE reporting and corrective actions identified for each customer complaint. 3. The location has evidence of the top customer issues over past 24 months with solid corrective action plans to address issues. Minimal repeat issues with same customer. Evidence of effective PRR corrective actions. The PRR metric is better than the objective over the past 6 months and has improving trend for the last 12 months. Use of a Paynter chart shows repeat issues are infrequent. On Time Delivery Metrics show a positive trend over the past 12 months. 4. PRR is better than the objective over the past 12 months and has an improvement trend over past 24-36 months. Use of Paynter chart shows evidence of Zero repeat issues. On Time Delivery metric is in continuous improvement over the past 18 months.
B95: Mf.07 | C95: Supplier management is included in the Quality process, using SSQM tools.
C96: 1. Attribute / Visual incoming inspection for some supplies is documented - Non conformance rate metrics tracked for all suppliers - DPM Key Performance Indicators are implemented and calculated to corporate definition 2. SAM & SQM implemented respectively for some targeted suppliers and supplies - Attribute / measurement incoming inspection is implemented (in accordance with the SE Incoming Inspection Rules) as a minimum - Audits of critical part/component supplier manufacturing processes are planned every year but also achieved when necessary. 3. SAM and SQM implemented respectively for all targeted suppliers and components - Containment, corrective and preventive actions on Supplier issues are systematic and on time through 8D - Action plans developed with the 5 worst suppliers with respect to quality performance 4. DPM Key Performance Indicators show a sustained improvement over the last 12 months - Supplier Performance Module (SPM) fully implemented for critical suppliers which are challenged and evaluated on their quality improvement plans
B97: Mf.08 | C97: Capacity is in place to deliver 20% over peak forecast monthly demand, CAMA and CORIM (internal and external capacity) are measured. Production & procurement are managed in a “pull” mode system (according to real customer demand)
C98: 1. Capacity is documented and known for each cell or sector. There is an awareness of what is Single Piece Flow and some architecure to facilitate this is in place. 2. Capacity is known for each workstation: Time Traps (Bottlenecks) are known for each cell / sector. The bottlenecks are visually defined in the workplace. There is a capacity planning tool in place for each product assembly line (CAMA). Production moves in single piece flow or controlled lot sizes. There is no evidence of uncontrolled WIP in manufacturing. 3. Capacity Analysis has been performed with the appropriate tools (CAMA for product assembly lines and CORIM for tools or molds including outside tools or molds). The "rules" for calculating capacity based on Opening Time for workshops of 2 shifts for manual assembly (including ETO & cabling), 3 shifts for automated assembly are followed. The capacity in place meets the SPS Guidlines. Production is clearly pulled from assembly step to assembly step. 4. There have been no customer service issues due to capacity issues over the past 18 months. Sub-assemblies are pulled or incorporated in to the assembly cells. No sub-assemblies or molded parts (for internal use) are built to stock.
B99: Mf.09 | C99: The Bill of Material (BoM) is updated on a regular basis, the BoM from R&D is communicated to manufacturing. Segregation of Duties on the BoM update: only a limited number of independent persons have access to "change" rights in the BoM.
C100: 1. There is no explicit process from R&D for communication of BOM modification. The process owner and a process are defined to maintain BOM (Bill of Material) 2. There is a process from R&D for communication of BOM modification (at this level, this may not permit anticipation of purchases and stock management of old and new components). - Updates in the system may not always be done in a timely maner. - Access to "change" rights in the BOM are widely shared, or assigned to persons non independant from purchasing / producing 3. There is a clear process from R&D for communication of BOM modification, allowing anticipation of purchases and stock management (old and new components). - Updates to the system are done on a timely manner. There is a daily data cycle management process based on discrepancy reports generated by the ERP (examples are in Oracle, SAP, Bridge) - There is a Master Data Manager or Specialist who has full reponsibility to assure that Bills of Material are up to date and that when discrepancies are found, they are immediately fixed. - Only a limited number of independant persons have access to "change" rights in the BOM. 4. There is a regular review of BOM changes in the system and the plant can demonstrate that material scrap due to BOM changes is minimal. The Manufacturing Defect Rate (MDR) is not negatively impacted by BOM changes and there are no customer complaints due to incorrect BOM's. The plant takes preventive action and makes random audits of some BOMs on a regular basis.
...

Sheet =
